 Dungeon Crawl Stone Soup version 0.30-a0-702-gdf48620a09 (webtiles) character file.

Game seed: 7873554266907018662

1203173 holysushi the Teletunneler (level 27, -5/238 HPs)
             Began as a Formicid Hunter on Jan 21, 2023.
             Was an Initiate of Gozag.
             Killed from afar by a Hell Sentinel (37 damage)
             ... with damnation
             ... on level 3 of the Iron City of Dis on Jan 22, 2023.
             The game lasted 04:38:25 (125042 turns).

holysushi the Teletunneler (Formicid Hunter)      Turns: 125042, Time: 04:38:26

Health: -5/238     AC: 22    Str: 32      XL:     27
Magic:  0/36       EV: 58    Int:  8 (10) God:    Gozag
Gold:   4396       SH: 28    Dex: 52      Spells: 20/63 levels left

rFire   + + +      SeeInvis +    a - +8 storm bow {elec, penet}
rCold   + + +      Faith    .    K - +2 shield of Resistance {rF++ rC++ Will++}
rNeg    + . .      Spirit   +    j - +7 scale mail of Puecifru {rN+ Dex+6}
rPois   +          Reflect  .    (helmet unavailable)
rElec   +          Harm     .    e - +2 cloak {rPois}
rCorr   +          Rampage  .    X - +0 pair of gloves of Dithmenos's Supremacy {rElec rC+ rCorr Dex+4}
Will    +++..                    x - +3 pair of mountain boots {steadfast, rC+} Stlth *+++++++++
                                 E - amulet of Wotokela {Spirit Dex+5}
HPRegen 0.00/turn                U - ring of Vampiric Thralls {Str+4 Dex+6 Stlth+}
MPRegen 0.25/turn                F - ring "Buasergh" {rF+ rC+ Will- Str+6 Dex+7}

@: gold aura, inhibited regen, studying 2 skills, corroded
A: permanent stasis, dig shafts and tunnels, antennae 3, four strong arms,
talons 1, iridescent scales 2, clumsy 1, cold resistance 1, deformed body,
deterioration 1, low MP 2, screaming 1, inhibited regeneration, strong 1
}: 12/15 runes: serpentine, barnacled, slimy, obsidian, icy, bone, abyssal,
demonic, glowing, magical, fiery, dark
a: Dig, Shaft Self, Renounce Religion, Potion Petition, Call Merchant, Bribe
Branch


You were on level 3 of the Iron City of Dis.
You worshipped Gozag.
Gozag was most pleased with you.
You visited 17 branches of the dungeon, and saw 82 of its levels.
You visited Pandemonium 3 times, and saw 22 of its levels.
You visited the Abyss 3 times.
You visited 1 bazaar.
You also visited: Gauntlet and Ice Cave.

You collected 56959 gold pieces.
You spent 15518 gold pieces at shops.
You paid 37045 gold pieces to Gozag.

Inventory:

Hand Weapons
 a - the +8 storm bow (weapon) {elec, penet}
   (You bought it in a shop on level 9 of the Dungeon)
 b - the +6 arbalest "Damnation" {damnation}
   (You bought it in a shop on level 4 of the Vaults)
 B - a +9 heavy longbow
 C - the +12 pair of quick blades "Gyre" and "Gimble" {protect}
   (You found it on level 5 of the Pits of Slime)
 L - the +7 great mace "Firestarter" {flame, inner flame, rFlCloud rF++}
   (You found it on level 5 of the Vaults)

   rFlCloud:  It grants immunity to clouds of flame.
   rF:        It greatly protects you from fire.
Missiles
 u - 9 throwing nets
Armour
 e - a +2 cloak of poison resistance (worn)
 j - the +7 scale mail of Puecifru (worn) {rN+ Dex+6}
   (You found it in Pandemonium)

   Dex:       It affects your dexterity (+6).
   rN:        It protects you from negative energy.
 s - +1 pearl dragon scales
 x - the +3 pair of mountain boots (worn) {steadfast, rC+}
   (You bought it in a shop in a bazaar)

   Steadfast: It prevents involuntary movement, except for blinking,
   teleportation, or banishment.
   rC:        It protects you from cold.
 K - the +2 shield of Resistance (worn) {rF++ rC++ Will++}
   (You found it on level 5 of the Pits of Slime)

   rF:        It greatly protects you from fire.
   rC:        It greatly protects you from cold.
   Will:      It greatly increases your willpower.
 R - the +5 chain mail of Somewhere Else {Regen+}
   (You took it off a meliai on level 14 of the Dungeon)

   Regen:     It increases your rate of health regeneration.
 X - the +0 pair of gloves of Dithmenos's Supremacy (worn) {rElec rC+ rCorr Dex+4}
   (You found it on level 7 of Cocytus)

   Dex:       It affects your dexterity (+4).
   rC:        It protects you from cold.
   rElec:     It insulates you from electricity.
   rCorr:     It protects you from acid and corrosion.
 Y - a +8 tower shield of positive energy
Jewellery
 f - a +5 ring of evasion
 E - the amulet of Wotokela (around neck) {Spirit Dex+5}
   (You acquired it in an ice cave)

   [amulet of guardian spirit]

   It causes incoming damage to be divided between your reserves of health and
   magic.
   Dex:       It affects your dexterity (+5).
 F - the ring "Buasergh" (right hand) {rF+ rC+ Will- Str+6 Dex+7}
   (You acquired it on level 2 of the Lair of Beasts)

   [ring of strength]

   Str:       It affects your strength (+6).
   Dex:       It affects your dexterity (+7).
   rF:        It protects you from fire.
   rC:        It protects you from cold.
   Will:      It decreases your willpower.
 P - the ring of Vanecs {Fly rN+ Will+ rCorr Stlth+}
   (You found it on level 3 of the Elven Halls)

   [ring of flight]

   rN:        It protects you from negative energy.
   Fly:       It grants you flight.
   rCorr:     It protects you from acid and corrosion.
   Will:      It increases your willpower.
   Stlth:     It makes you more stealthy.
 S - the ring of the Jumping Genius {rElec rC+ rN+++ Str+6 Dex-3}
   (You found it on level 1 of the Orcish Mines)

   [ring of strength]

   Str:       It affects your strength (+6).
   Dex:       It affects your dexterity (-3).
   rC:        It protects you from cold.
   rElec:     It insulates you from electricity.
   rN:        It renders you almost immune to negative energy.
 T - the ring of Ukukla {Fly SInv}
   (You took it off a cherub in Pandemonium)

   [ring of see invisible]

   SInv:      It lets you see invisible.
   Fly:       It grants you flight.
 U - the ring of Vampiric Thralls (left hand) {Str+4 Dex+6 Stlth+}
   (You bought it in a shop on level 2 of the Orcish Mines)

   [ring of dexterity]

   Str:       It affects your strength (+4).
   Dex:       It affects your dexterity (+6).
   Stlth:     It makes you more stealthy.
Wands
 D - a wand of roots (64)
 H - a wand of digging (19)
 V - a wand of acid (50)
Scrolls
 d - 12 scrolls of vulnerability
 h - 12 scrolls of poison
 m - a scroll of summoning
 p - 7 scrolls of fear
 q - 6 scrolls of silence
 r - 13 scrolls of magic mapping
 y - a scroll of brand weapon
 A - 10 scrolls of enchant armour
 J - 11 scrolls of amnesia
 N - 3 scrolls of fog
 O - 10 scrolls of immolation
 Q - 11 scrolls of enchant weapon
Potions
 g - 2 potions of resistance
 k - 10 potions of flight
 l - 4 potions of magic
 o - 4 potions of cancellation
 t - 15 potions of brilliance
 v - 12 potions of attraction
 w - 5 potions of invisibility
 z - 7 potions of might
 G - 8 potions of lignification
 M - 2 potions of ambrosia
Miscellaneous
 c - a box of beasts
 n - the horn of Geryon
 I - a condenser vane
 W - a phantom mirror
 Z - a phial of floods


   Skills:
 + Level 24.1 Fighting
 - Level 10.0 Short Blades
 - Level 16.4 Maces & Flails
 + Level 26.7 Ranged Weapons
 + Level 19.6 Armour
 + Level 25.7 Dodging
 - Level 26.9 Stealth
 O Level 27 Shields
 + Level 18.5 Spellcasting
 + Level 6.0 Necromancy
 O Level 27 Translocations
 - Level 19.3 Transmutations
 - Level 3.0 Evocations


You had 20 spell levels left.
You knew the following spells:

 Your Spells              Type           Power      Damage    Failure   Level
a - Apportation           Tloc           100%       N/A       0%          1
b - Manifold Assault      Tloc           50%        N/A       0%          4
c - Dispersal             Tloc           25%        N/A       1%          6
d - Vhi's Electric Charg  Tloc/Air       58%        N/A       1%          3
e - Passage of Golubria   Tloc           50%        N/A       0%          4
f - Lesser Beckoning      Tloc           100%       N/A       0%          2
g - Wereblood             Tmut           38%        N/A       0%          2
h - Yara's Violent Unrav  Hex/Tmut       11%        3d6       5%          5
i - Disjunction           Tloc           25%        N/A       1%          8
j - Necromutation         Tmut/Necr      13%        N/A       98%         8

Your spell library contained the following spells:

 Spells                   Type           Power      Damage    Failure   Level
 Beastly Appendage        Tmut           76%        N/A       0%          1
 Gell's Gravitas          Tloc           50%        N/A       0%          3
 Teleport Other           Tloc           50%        N/A       0%          3
 Necrotise                Necr           68%        1d7       1%          1
 Sting                    Tmut/Pois      88%        1d7       1%          1
 Sublimation of Blood     Necr           17%        N/A       1%          2
 Spider Form              Tmut/Pois      22%        N/A       1%          3
 Ice Form                 Ice/Tmut       22%        N/A       1%          4
 Petrify                  Tmut/Erth      22%        N/A       1%          4
 Blade Hands              Tmut           19%        N/A       1%          5
 Summon Forest            Summ/Tloc      14%        N/A       1%          5
 Kiss of Death            Conj/Necr      48%        2d9       2%          1
 Vampiric Draining        Necr           17%        2d7       2%          3
 Dragon Form              Tmut           19%        N/A       3%          7
 Alistair's Intoxication  Tmut/Pois      14%        N/A       5%          5
 Irradiate                Conj/Tmut      11%        3d15      5%          5
 Dispel Undead            Necr           17%        3d10      9%          4
 Foxfire                  Conj/Fire      28%        2x1d5     10%         1
 Freeze                   Ice            28%        1d5       10%         1
 Magic Dart               Conj           28%        1d4       10%         1
 Sandblast                Erth           14%        2d6       10%         1
 Shock                    Conj/Air       28%        1d4       10%         1
 Slow                     Hex            28%        N/A       10%         1
 Summon Small Mammal      Summ           28%        N/A       10%         1
 Ensorcelled Hibernation  Hex/Ice        14%        N/A       16%         2
 Poisonous Vapours        Pois/Air       14%        N/A       16%         2
 Static Discharge         Conj/Air       14%        2-3/arc   16%         2
 Agony                    Necr           17%        N/A       22%         5
 Anguish                  Hex/Necr       6%         N/A       28%         4
 Eringya's Noxious Bog    Tmut/Pois      11%        N/A       28%         6
 Call Canine Familiar     Summ           7%         N/A       30%         3
 Confusing Touch          Hex            7%         N/A       30%         3
 Frozen Ramparts          Ice            14%        1d3       30%         3
 Hailstorm                Conj/Ice       7%         3d4       30%         3
 Inner Flame              Hex/Fire       7%         N/A       30%         3
 Ozocubu's Armour         Ice            7%         N/A       30%         3
 Stone Arrow              Conj/Erth      14%        3d7       30%         3
 Summon Guardian Golem    Hex/Summ       7%         N/A       30%         3
 Borgnjor's Vile Clutch   Necr/Erth      6%         N/A       61%         5
 Airstrike                Air            3%         2d(1-17)  69%         4
 Animate Armour           Summ/Erth      14%        N/A       69%         4
 Cause Fear               Hex            3%         N/A       69%         4
 Flame Wave               Conj/Fire      7%         2d5       69%         4
 Olgreb's Toxic Radiance  Pois           7%         N/A       69%         4
 Sticky Flame             Conj/Fire      7%         2d3       69%         4
 Summon Ice Beast         Ice/Summ       7%         N/A       69%         4
 Summon Lightning Spire   Summ/Air       7%         N/A       69%         4
 Death Channel            Necr           8%         N/A       77%         6
 Storm Form               Tmut/Air       11%        N/A       85%         7
 Arcjolt                  Conj/Air       3%         1d13      95%         5
 Fireball                 Conj/Fire      3%         3d4       95%         5
 Freezing Cloud           Conj/Ice/Air   3%         6-21      95%         5
 Iskenderun's Battlesphe  Conj           7%         2d6       95%         5
 Lee's Rapid Deconstruct  Erth           3%         3d5*      95%         5
 Lightning Bolt           Conj/Air       3%         1d15      95%         5
 Metabolic Englaciation   Hex/Ice        3%         N/A       95%         5
 Silence                  Hex/Air        3%         N/A       95%         5
 Summon Mana Viper        Hex/Summ       7%         N/A       95%         5
 Conjure Ball Lightning   Conj/Air       3%         3x3d6     100%        6
 Iron Shot                Conj/Erth      3%         9d2       100%        6
 Starburst                Conj/Fire      3%         6d3       100%        6
 Summon Cactus Giant      Summ           3%         N/A       100%        6
 Enfeeble                 Hex            3%         N/A       100%        7
 Monstrous Menagerie      Summ           3%         N/A       100%        7
 Orb of Destruction       Conj           3%         9d5       100%        7
 Ozocubu's Refrigeration  Ice            3%         4d8       100%        7
 Spellforged Servitor     Conj/Summ      3%         N/A       100%        7
 Summon Hydra             Summ           3%         N/A       100%        7
 Borgnjor's Revivificati  Necr           8%         N/A       100%        8
 Discord                  Hex            3%         N/A       100%        8
 Ignition                 Fire           3%         3d4       100%        8
 Lehudib's Crystal Spear  Conj/Erth      3%         10d3      100%        8
 Maxwell's Capacitive Co  Air            3%         ∞         100%        8
 Chain Lightning          Conj/Air       3%         3d4       100%        9
 Death's Door             Necr           8%         N/A       100%        9
 Dragon's Call            Summ           3%         N/A       100%        9
 Fire Storm               Conj/Fire      3%         8d1       100%        9
 Polar Vortex             Ice            3%         N/A       100%        9
 Shatter                  Erth           3%         3d7*      100%        9
 Blink                    Tloc           Unusable   N/A       N/A         2
 Animate Dead             Necr           Unusable   N/A       N/A         4
 Swiftness                Air            Unusable   N/A       N/A         3
 Simulacrum               Ice/Necr       Unusable   N/A       N/A         6

Dungeon Overview and Level Annotations

Branches:
Dungeon (15/15) Zot: 24865  Temple (0/1) D:7            Lair (5/5) D:9 Zot: 20613
 Shoals (4/4) Lair:2 Zot: 19746   Snake (4/4) Lair:2 Zot: 20170   Slime (5/5) Lair:4 Zot: 25246
    Orc (2/2) D:10 Zot: 10035     Elf (3/3) Orc:2 Zot: 13695  Vaults (5/5) D:14 Zot: 20772
  Crypt (3/3) Vaults:2 Zot: 13515    Tomb (2/3) Crypt:3 Zot: 5966  Depths (4/4) D:15 Zot: 17194
   Hell (visited)             Dis (3/7) Hell Zot: 26585     Geh (7/7) Hell Zot: 26585
    Coc (7/7) Hell Zot: 26585     Tar (7/7) Hell Zot: 26585     Zot (5/5) Depths:4 Zot: 23662
  IceCv (visited)         Gauntlet (visited)

Altars:
Cheibriados
Elyvilon
Gozag
Makhleb
Okawaru
Ru
Sif Muna
Trog
Uskayaw
Vehumet
Xom
Yredelemnul
Zin
The Shining One
Jiyva

Shops:
D:3 ?   D:7 (   D:8 *   D:9 ([(   D:10 (   D:12 =   D:14 (   Orc:2 *(*?(:=**
Elf:1 =   Shoals:2 [(   Shoals:4 :   Vaults:1 *   Vaults:3 (   Vaults:4 ((
Vaults:5 !!??   Tar:3 !   Tar:7 =   Depths:2 *   Depths:4 :

Portals:
Hell: Depths:1 Depths:2 Depths:3 Depths:4
Abyss: Depths:3
Pandemonium: Orc:2 Depths:2 Depths:4
Ziggurat: Depths:1
Trove: Elf:1 (give +3 storm dragon scales)

Annotations:
Lair:1 exclusion: downstairs
Snake:2 2 transporters, demibob's ghost, adept TrBe
Crypt:2 2 transporters
Depths:4 2 transporters
Zot:2 2 transporters, Koub's ghost, legendary GnFE


Innate Abilities, Weirdness & Mutations

You cannot be hasted, slowed, berserked, paralysed or teleported.
You can dig through walls and to a lower floor.
You have a pair of large antennae on your head. (SInv)
Your four strong arms can wield two-handed weapons with a shield.
You have sharp toenails.
You are mostly covered in iridescent scales. (AC +4)
You are clumsy. (Dex -2)
Your flesh is cold resistant. (rC+)
Armour fits poorly on your strangely shaped body.
Your body sometimes deteriorates upon taking damage.
Your magical capacity is very low. (-20% MP)
You occasionally shout uncontrollably at your foes.
You do not regenerate when monsters are visible.
Your muscles are strong. (Str +4, Int/Dex -1)


Message History

* * * LOW HITPOINT WARNING * * *
The iron giant throws the Tzitzimitl at you!
* * * LOW HITPOINT WARNING * * *
You block the Hell Sentinel's attack.
The Hell Sentinel completely misses you.
The Hell Sentinel misses you. You block the Hell Sentinel's attack.
The Hell Sentinel is distracted by your dazzling golden aura.
You block the Hell Sentinel's attack.
The Hell Sentinel completely misses you.
The Hell Sentinel roars!
Fire: a) +8 storm bow {elec, penet}
Press: ? - help, Q - select action, (/) - cycle Shift-Dir - straight line, f - iron giant, p - Tzitzimitl
Aim: an iron giant, wielding a +0 giant club (severely wounded, 94% to hit)
You shoot an arrow.
The arrow pierces through the caustic shrike but does no damage.
Lightning courses through the caustic shrike!
You kill the caustic shrike!
The arrow closely misses the hellion.
The arrow pierces through the iron giant!
The iron giant is severely wounded.
You block the hellion's attack. The Hell Sentinel gestures at you.
The iron shot misses you. The Tzitzimitl engulfs you.
* * * LOW HITPOINT WARNING * * *
The Tzitzimitl drains your vigour!
Your stasis prevents you from being slowed.
The Tzitzimitl completely misses you.
The iron giant throws the hellion at you!
* * * LOW HITPOINT WARNING * * *
The Hell Sentinel gestures at you.
The sphere of damnation explodes!
The damnation engulfs the Hell Sentinel.
The Hell Sentinel completely resists.
The Hell Sentinel is no longer distracted by gold.
The damnation engulfs the Hell Sentinel.
The Hell Sentinel completely resists.
The damnation engulfs the Hell Sentinel.
The Hell Sentinel completely resists.
The damnation engulfs you!!!
You die...
Your body crumbles into a pile of gold.

###....# #..'^...#....#
#...)# #..#....#....###
#####'# #'##....#'####.#
#.....# #..#....+......#
#.....######.^#.#.+#......#
#................^........#
#.........................#
#........'''''211''.).###.#
#######..'+++11@1C'...# #.#
#..' +'1121''...# ### #..'
+.$..'+'...# #..'
+.>C.'+'...#
#..'+'.>>.'+'...#
#..'++....++'...# #..'
+++++++'...# #..' '...#
##..''''''''''...#


You could see 2 iron giants, 7 Hell Sentinels, a Tzitzimitl and 2 hellions.

Vanquished Creatures
  Cerebov (Pan)
  Antaeus (Coc:7)
  the Royal Jelly (Slime:5)
  Asmodeus (Geh:7)
  Gloorx Vloq (Pan)
  Ereshkigal (Tar:7)
  A seraph (Pan)
  9 pandemonium lords (Pan)
  Mnoleg (Pan)
  11 ancient liches
  8 dread liches
  4 orbs of fire (Zot:5)
  Mennas (Vaults:3)
  A juggernaut (Depths:3)
  The ghost of Tang the Slayer, a master DsGl of Makhleb (Vaults:1)
  20 royal mummies
  The ghost of wormed the Ruinous, a master DsFE of Vehumet (Zot:3)
  9 shard shrikes
  Boris (Vaults:3)
  8 Killer Klowns (Zot:5)
  Frederick (Vaults:2)
  Saint Roka (Depths:4)
  Margery (Vaults:3)
  Bai Suzhen (Vaults:2)
  5 curse toes
  7 caustic shrikes
  Geryon (Hell)
  7 golden dragons
  11 bone dragons
  Nikola (Snake:2)
  11 profane servitors
  2 pearl dragons (Pan)
  16 Brimstone Fiends
  8 hellephants
  24 Tzitzimimeh
  4 electric golems
  12 doom hounds
  The ghost of wormed the Purveyor of Pain, an adept DsEE of Kikubaaqudgha (Depths:3)
  A spectral shard shrike (Tar:7)
  3 iron giants
  22 tentacled monstrosities
  Rupert (D:15)
  10 Hell Sentinels
  Jorgrun (Orc:1)
  26 Ice Fiends
  25 Orb Guardians (Zot:5)
  2 deep elf blademasters (Elf:3)
  26 searing wretches
  20 tainted leviathans
  12 liches
  2 deep elf master archers (Elf:3)
  Asterion (Depths:1)
  The ghost of KennySheep the Black Belt, an adept MeTm of Elyvilon (Depths:1)
  7 quicksilver dragons
  12 titans
  13 sphinxes
  18 acid blobs
  Polyphemus (Shoals:4)
  44 Executioners (Pan)
  Murray (Depths:1)
  3 tentacled starspawn
  15 ancient champions
  9 death cobs
  Kirke (Shoals:3)
  Frances (Shoals:1)
  Agnes (Vaults:2)
  9 shadow dragons
  12 storm dragons
  8 tengu reavers
  17 daevas (Pan)
  4 draconian monks
  29 azure jellies
  4 nagarajas (Snake:4)
  10 rockslimes
  4 revenants
  9 demonspawn warmongers (Pan)
  8 iron dragons
  8 deep elf sorcerers
  5 quicksilver elementals
  11 frost giants
  19 narguns
  11 fire giants
  4 draconian knights
  5 spectral caustic shrikes (Depths:4)
  54 balrugs
  11 vault wardens
  10 draconian shifters
  8 ghouls
  9 deep elf elementalists (Elf:3)
  2 ghost moths
  3 draconian scorchers
  8 shard shrike simulacra
  15 ironbound preservers
  28 angels (Pan)
  9 draconian stormcallers
  6 curse skulls
  6 draconian annihilators
  An orc warlord (Vaults:3)
  12 cacodemons
  2 caustic shrike skeletons
  A spriggan defender (Depths:1)
  10 demonspawn corrupters (Pan)
  13 demonspawn blood saints (Pan)
  12 very ugly things
  10 war gargoyles
  15 stone giants
  3 juggernaut skeletons
  6 quicksilver oozes
  24 reapers
  5 ironbound thunderhulks
  31 apis (Pan)
  19 ophanim
  10 vampire knights
  4 black draconians
  33 putrid mouths
  29 elemental wellsprings
  5 deep elf demonologists
  9 green draconians
  14 demonspawn black suns (Pan)
  6 dire elephants
  A minotaur (Gauntlet)
  2 bennus (Tomb:2)
  8 purple draconians
  8 white draconians
  8 yellow draconians
  25 lorocyprocas
  19 wendigos
  8 deep elf annihilators
  A spectral titan (Tar:5)
  11 red draconians
  A spark wasp (Depths:3)
  The ghost of Jocum the Warrior, a journeyman MiFi of Lugonu (D:14)
  Azrael (Orc:2)
  2 crystal guardians
  8 deep elf death magi
  6 iron golems
  11 green deaths (Pan)
  12 eidola
  19 mummy priests
  The ghost of Cezoat the Thaumaturge, a journeyman OpVM of Hepliaklqana (Orc:1)
  3 merfolk javelineers
  24 blizzard demons
  8 jiangshi
  6 merfolk impalers
  8 deep elf high priests
  4 spectral spriggans
  4 entropy weavers
  3 fire dragons
  10 ettins
  Josephine (Orc:1)
  15 yaktaur captains
  3 peacekeepers
  29 vault guards
  7 hydras
  Fannar (Orc:1)
  6 rakshasas
  4 great orbs of eyes
  A quicksilver dragon skeleton (Pan)
  15 salamander tyrants
  7 juggernaut simulacra
  7 ice dragons
  2 spriggan air magi (Depths:3)
  9 spriggan skeletons
  3 demonspawn (Orc:2)
  5 hell beasts
  3 merfolk aquamancers
  4 ironbound frosthearts (Vaults:3)
  34 centaur warriors
  A bennu zombie (Crypt:3)
  8 caustic shrike simulacra
  6 merfolk avatars
  A spectral stone giant (Tar:4)
  An alligator snapping turtle (Shoals:4)
  Erica (D:11)
  A fenstrider witch skeleton (Pan)
  4 death knights
  7 boulder beetles
  8 satyrs
  5 anacondas
  2 catoblepae
  6 stokers
  2 ogre magi
  6 deep troll shamans
  12 naga warriors
  A bennu skeleton (Crypt:3)
  15 death yaks
  5 two-headed ogres
  A quicksilver ooze zombie (Crypt:1)
  24 dancing weapons
  7 tengu warriors
  15 death scarabs
  5 deep troll earth magi
  A spectral naga (Tar:4)
  53 hell hogs
  6 naga sharpshooters
  12 thrashing horrors
  4 vampire magi
  Urug (Orc:2)
  The ghost of experimilk the Destroyer, a novice DrCj of Vehumet (D:11)
  8 orc high priests
  5 spriggan berserkers
  34 shadow wraiths
  A storm dragon zombie (Crypt:3)
  24 hell knights
  22 deep elf knights
  18 spriggans
  129 sun demons
  2 titan skeletons (Pan)
  8 shock serpents
  The ghost of mandoloar the Summoner, a novice TeSu of Gozag (D:9)
  51 soul eaters
  4 iron trolls
  A salamander mystic (Snake:3)
  22 skeletal warriors
  25 sixfirhies
  3 wretched stars
  4 crystal echidnas
  14 cherubim (Pan)
  8 flayed ghosts
  A bunyip zombie (Hell)
  3 quicksilver dragon simulacra
  An orb spider (Abyss:3)
  2 spark wasp zombies
  6 glowing orange brains
  18 sea snakes
  A spectral hydra (Tar:5)
  4 naga ritualists
  A swamp dragon (Abyss:3)
  56 deep trolls
  A spectral iron dragon (Tar:2)
  2 spectral anacondas
  11 deep elf archers
  18 ironbound convokers
  An orange crystal statue (Depths:3)
  An anaconda skeleton (Tomb:1)
  19 spriggan simulacra
  6 bog bodies
  Pikel (D:6)
  15 shadow demons
  16 harpies
  A bunyip skeleton (Pan)
  14 necromancers
  21 lindwurms
  An iron dragon zombie (Crypt:3)
  A tengu zombie (Vaults:4)
  9 wizards
  6 phantasmal warriors
  24 starcursed masses
  A swamp dragon (shapeshifter) (D:14)
  2 obsidian statues
  12 mana vipers
  10 orc knights
  5 shining eyes
  33 deep elf pyromancers
  A shadow dragon skeleton (Pan)
  31 deep elf zephyrmancers
  10 orc sorcerers
  A mana viper (shapeshifter) (Vaults:5)
  A shining eye (shapeshifter) (Vaults:4)
  A spectral ettin (Tar:4)
  17 salamanders
  14 manticores
  An iron dragon skeleton (Pan)
  23 ugly things
  8 cyclopes
  A draconian skeleton (Pan)
  2 worldbinders (Abyss:3)
  12 merfolk sirens
  22 moths of wrath
  A moth of wrath (shapeshifter) (D:15)
  A frost giant zombie (Vaults:4)
  A spectral centaur (Tar:1)
  Maurice (D:13)
  6 elephants
  23 fauns
  10 guardian serpents
  5 rust devils
  A black mamba (shapeshifter) (Gauntlet)
  A centaur zombie (Tomb:2)
  3 eyes of devastation
  An elephant (shapeshifter) (Vaults:4)
  The ghost of bobo the Trooper, a novice DrTm of Nemelex Xobeh (D:4)
  4 water nymphs
  2 dire elephant zombies
  3 human skeletons
  2 stone giant skeletons
  27 black mambas
  10 cane toads
  10 molten gargoyles
  A water nymph (shapeshifter) (Depths:2)
  17 naga magi
  2 titan simulacra
  17 vault sentinels
  2 torpor snails
  3 apocalypse crabs
  A dire elephant skeleton (Abyss:2)
  An alligator snapping turtle zombie (Tomb:1)
  15 demonic crawlers
  9 ice statues
  49 smoke demons
  9 unseen horrors
  A red draconian zombie (Crypt:2)
  27 hellions
  45 orange demons
  2 gargoyles
  The ghost of superbruh the Covered, a novice GrFi of Cheibriados (D:4)
  6 kobold demonologists
  3 minotaur zombies
  A rime drake (shapeshifter) (Vaults:4)
  An iron troll zombie (Crypt:1)
  2 bunyip simulacra
  3 rime drakes
  18 komodo dragons
  A komodo dragon (shapeshifter) (D:14)
  21 yaktaurs
  A minotaur skeleton (Crypt:3)
  31 efreet
  25 freezing wraiths
  An alligator snapping turtle skeleton (Pan)
  6 tengu conjurers
  4 centaur skeletons
  31 tormentors
  6 anaconda simulacra
  10 ice devils
  4 ancient zymes (Abyss:3)
  The ghost of OTABOTABOTAB the Cutter, a novice VSFi (D:4)
  4 golden dragon simulacra
  9 trolls
  7 polar bears
  24 merfolk
  3 hornets (shapeshifter)
  3 iron giant simulacra
  A death drake zombie (Crypt:1)
  31 guardian mummies
  8 meliai
  7 red devils
  A harpy zombie (Hell)
  19 hellwings
  10 hornets
  A meliai (shapeshifter) (Abyss:4)
  5 wind drakes
  A silent spectre (Tar:5)
  The ghost of olddryhag the Chopper, an amateur DsGl (D:4)
  The ghost of lessens the Cleaver, an amateur BaBe of Trog (D:4)
  2 harpy skeletons (Pan)
  25 blink frogs
  Prince Ribbit (D:5)
  A hydra skeleton (Pan)
  A culicivora zombie (Crypt:2)
  16 raiju
  A tarantella (Vaults:4)
  A stone giant simulacrum (Coc:7)
  A dream sheep (shapeshifter) (Vaults:5)
  7 dream sheep (Lair:5)
  A raiju (shapeshifter) (Gauntlet)
  10 snapping turtles
  A jumping spider (Vaults:4)
  2 iron dragon simulacra
  A black mamba zombie (Hell)
  A culicivora (Vaults:2)
  10 flying skulls
  Sigmund (D:2)
  121 slime creatures
  A deep troll zombie (Vaults:4)
  An air elemental (Elf:3)
  77 large abominations
  18 water elementals
  45 ynoxinuls
  2 shadows
  3 centaur simulacra
  4 ushabtiu
  2 alligator snapping turtle simulacra
  4 ettin skeletons
  A vampire (D:14)
  5 dire elephant simulacra
  3 black mamba skeletons
  2 steam dragons
  28 yaks
  5 basilisks
  7 wyverns
  16 wraiths
  5 hogs
  4 fire elementals
  10 minotaur simulacra (IceCv)
  9 golden eyes
  27 neqoxecs
  2 redbacks (Vaults:2)
  13 vampire mosquitoes
  Menkaure (D:6)
  32 chaos spawn
  A glowing shapeshifter zombie (Vaults:2)
  33 nagas
  2 wargs (D:9)
  20 harpy simulacra
  Duvessa (D:6)
  2 water nymph skeletons
  10 water moccasins
  A demonspawn skeleton (Crypt:2)
  2 acid dragons
  2 floating eyes
  7 hell hounds
  3 hydra simulacra
  A floating eye (shapeshifter) (Vaults:5)
  A deep troll skeleton (Crypt:3)
  5 naga skeletons
  A sky beast (D:6)
  43 orc warriors
  6 black bears
  5 ettin simulacra
  6 ogres
  8 boggarts
  27 wolves
  2 alligator simulacra (IceCv)
  A lemure (D:6)
  14 centaurs
  4 kobold brigands
  An orc simulacrum (Orc:1)
  3 naga simulacra
  9 bullfrogs
  3 necrophages
  2 gnoll sergeants
  7 deep troll simulacra (IceCv)
  6 scorpions
  A cyclops zombie (Crypt:2)
  7 earth elementals
  13 small abominations
  5 wights (D:9)
  Dowan (D:6)
  2 spectral ogres (Orc:1)
  A shapeshifter zombie (Crypt:2)
  2 lindwurm simulacra (IceCv)
  6 killer bees (D:5)
  6 electric eels
  4 howler monkeys
  2 crimson imps
  A raiju skeleton (Crypt:2)
  A human simulacrum (Vaults:2)
  3 jellies
  A wolf skeleton (Crypt:1)
  A gnoll bouda (Orc:2)
  32 orc priests
  Crazy Yiuf (D:2)
  2 hounds
  2 iron imps
  Jessica (D:2)
  18 orc wizards
  4 spectral orcs (Orc:1)
  18 iguanas
  21 hell rats
  A hound zombie (Crypt:3)
  31 mummies
  A howler monkey zombie (Crypt:1)
  13 gnolls
  An ogre simulacrum (Orc:1)
  4 adders
  10 river rats (Lair:3)
  6 shadow imps
  A white imp (Abyss:2)
  5 ufetubi
  An adder zombie (Crypt:3)
  83 orcs
  2 endoplasms
  A giant cockroach (D:4)
  9 goblins
  7 hobgoblins
  15 kobolds
  7 quokkas
  3 training dummies (Shoals:2)
  5 ball pythons
  A ball python skeleton (Crypt:3)
  5 bats
  16 frilled lizards
  13 rats
  A spectral goblin (D:1)
  10 bushes (Abyss:4)
  A butterfly (Lair:2)
  3 creeping infernos
  41 fire vortices
  A lurking horror (Abyss:3)
  4 starspawn tentacles
4404 creatures vanquished.

Vanquished Creatures (collateral kills)
  An ancient lich (Crypt:2)
  2 caustic shrikes (Depths:4)
  A titan (Vaults:4)
  A tengu reaver (Vaults:5)
  A fire giant (Vaults:4)
  An ironbound preserver (Vaults:4)
  2 very ugly things (Depths:4)
  A stone giant (Depths:4)
  An ironbound thunderhulk (Vaults:2)
  2 ettins (Vaults:5)
  A yaktaur captain (Vaults:5)
  A deep elf high priest (Vaults:5)
  2 vault guards
  A vampire mage (Crypt:2)
  A cherub (Pan)
  An orc knight (Vaults:4)
  An ugly thing (Depths:4)
  A black mamba (shapeshifter) (Vaults:5)
  A vault sentinel (Vaults:5)
  A yaktaur (Vaults:5)
  A guardian mummy (Tomb:2)
  A neqoxec (Pan)
  3 mummies (Tomb:2)
29 creatures vanquished.

Vanquished Creatures (others)
  An ancient lich (Geh:3)
  4 royal mummies (Tomb:1)
  2 shard shrikes (Coc:1)
  A tentacled monstrosity (Vaults:5)
  A titan (Vaults:5)
  2 eldritch tentacles
  A sphinx (Tomb:1)
  A ghost moth (Zot:3)
  A balrug (Geh:3)
  A shard shrike simulacrum (Coc:5)
  A demonspawn blood saint (Pan)
  3 vault wardens (Vaults:5)
  3 stone giants (Vaults:5)
  A wendigo (Coc:7)
  A deep elf high priest (Vaults:5)
  A yaktaur captain (Vaults:5)
  A mummy priest (Tomb:2)
  2 rakshasas (Pan)
  A vault guard (Vaults:5)
  2 death scarabs (Tomb:2)
  A deep elf knight (Elf:2)
  A sun demon (Pan)
  A skeletal warrior (Tomb:2)
  2 spriggan simulacra
  A mana viper (Snake:4)
  A deep elf zephyrmancer (Elf:3)
  A moth of wrath (shapeshifter) (Vaults:5)
  An apocalypse crab (Abyss:3)
  A molten gargoyle (Geh:7)
  A titan simulacrum (Coc:3)
  A hellion (Geh:3)
  An iron giant simulacrum (Coc:1)
  2 anaconda simulacra
  A golden dragon simulacrum (Coc:3)
  2 guardian mummies (Tomb:2)
  A stone giant simulacrum (Coc:3)
  A centaur simulacrum (Coc:1)
  A naga simulacrum (Coc:1)
  2 dire elephant simulacra
  A ynoxinul (Pan)
  A yak (D:9)
  A steam dragon (D:9)
  2 harpy simulacra
  A hydra simulacrum (Coc:1)
  A hell hound (Abyss:3)
  A small abomination (Abyss:3)
  2 hell rats (Hell)
  4 mummies
  3 ball lightnings (Pan)
  A creeping inferno (Geh:2)
  8 demonic plants (Abyss:4)
  A fire vortex (Pan)
  9 fungi
  192 plants
  4 starspawn tentacles
286 creatures vanquished.

Grand Total: 4719 creatures vanquished

Notes
Turn   | Place    | Note
-------+----------+-------------------------------------------
     0 | D:1      | holysushi the Formicid Hunter began the quest for the Orb.
     0 | D:1      | Reached XP level 1. HP: 16/16 MP: 1/1
   268 | D:1      | Reached XP level 2. HP: 23/23 MP: 2/2
   283 | D:1      | Found a faded altar of an unknown god.
   825 | D:1      | Prayed at the altar of an unknown god.
   825 | D:1      | Became a worshipper of Gozag Ym Sagoz the Greedy
   868 | D:2      | Noticed Jessica
   877 | D:2      | Killed Jessica
   878 | D:2      | Reached XP level 3. HP: 29/29 MP: 3/3
  1113 | D:2      | Noticed Sigmund
  1119 | D:2      | Killed Sigmund
  1120 | D:2      | Reached XP level 4. HP: 30/37 MP: 4/4
  1120 | D:2      | Reached XP level 5. HP: 34/42 MP: 5/5
  1120 | D:2      | Reached XP level 6. HP: 39/48 MP: 6/6
  1236 | D:2      | Found a runed translucent door.
  1237 | D:2      | Noticed Crazy Yiuf
  1647 | D:2      | Killed Crazy Yiuf
  1896 | D:3      | Found a shimmering altar of Xom.
  1896 | D:3      | Found a white marble altar of Elyvilon.
  2353 | D:3      | Found Zoloeboe's Magic Scroll Shop.
  2357 | D:3      | Bought a scroll of enchant weapon for 97 gold pieces
  2357 | D:3      | Bought a scroll of enchant weapon for 97 gold pieces
  2357 | D:3      | Bought a scroll of enchant armour for 97 gold pieces
  2394 | D:3      | Found a glowing golden altar of the Shining One.
  2619 | D:4      | Noticed an ogre
  2627 | D:4      | Killed an ogre
  2684 | D:4      | Reached XP level 7. HP: 55/55 MP: 7/7
  2801 | D:4      | Identified the +3 dagger "Fiulut" {holy, MP+9}
  2888 | D:4      | Reached skill level 1 in Shields
  3089 | D:4      | Found a runed translucent gate.
  3089 | D:4      | Found a runed translucent gate.
  3089 | D:4      | Found a runed translucent gate.
  3091 | D:4      | Noticed olddryhag's ghost (amateur DsGl)
  3091 | D:4      | Noticed lessens's ghost (amateur BaBe)
  3092 | D:4      | Noticed superbruh's ghost (novice GrFi)
  3092 | D:4      | Noticed bobo's ghost (novice DrTm)
  3092 | D:4      | Noticed OTABOTABOTAB's ghost (novice VSFi)
  3289 | D:5      | Entered Level 5 of the Dungeon
  3295 | D:5      | Reached skill level 5 in Fighting
  3300 | D:5      | Noticed a water moccasin
  3307 | D:5      | You fall into a shaft and drop 2 floors!
  3419 | D:7      | Found a staircase to the Ecumenical Temple.
  3588 | D:7      | Reached XP level 8. HP: 53/62 MP: 8/8
  3598 | D:7      | Found Noankoakk's Antique Weapon Emporium.
  3798 | D:7      | Noticed a wyvern
  3804 | D:7      | Killed a wyvern
  3846 | D:6      | Noticed Menkaure
  4217 | D:4      | Found a runed translucent gate.
  4217 | D:4      | Found a runed translucent gate.
  4217 | D:4      | Found a runed translucent gate.
  4574 | D:5      | Reached XP level 9. HP: 63/70 MP: 9/9
  4662 | D:5      | Reached skill level 5 in Shields
  4763 | D:5      | You fall into a shaft and drop 1 floor!
  4794 | D:6      | Killed Menkaure
  4885 | D:6      | Reached skill level 10 in Ranged Weapons
  5144 | D:6      | Found a hide-covered altar of Uskayaw.
  5144 | D:6      | Noticed Duvessa
  5144 | D:6      | Noticed Dowan
  5151 | D:6      | Killed Duvessa
  5159 | D:6      | Killed Dowan
  5228 | D:6      | Identified the +7 dagger "Orb Guardian's Death" {flame,
                  | rF+++ Int-5 Dex+4 Stlth-}
  5232 | D:6      | Noticed Pikel
  5266 | D:6      | Killed Pikel
  5267 | D:6      | Reached XP level 10. HP: 73/80 MP: 10/10
  5690 | D:7      | Found an iron altar of Okawaru.
  5845 | D:7      | Found a shimmering blue altar of Sif Muna.
  5996 | D:8      | Found a basalt altar of Yredelemnul.
  5996 | D:8      | Found an opulent altar of Gozag.
  6033 | D:8      | Found Ferauhun's General Store.
  6042 | D:8      | Bought a +2 leather armour of fire resistance for 266 gold
                  | pieces
  6042 | D:8      | Bought a potion of invisibility for 112 gold pieces
  6627 | D:9      | Found a transporter.
  6627 | D:9      | Found a transporter.
  6629 | D:9      | Noticed a red ugly thing
  6634 | D:9      | Noticed an efreet
  6640 | D:9      | Noticed a deep elf pyromancer
  6641 | D:9      | Noticed mandoloar's ghost (novice TeSu)
  6746 | D:9      | Found a staircase to the Lair.
  6934 | D:9      | Found a burning altar of Makhleb.
  6934 | D:9      | Found a radiant altar of Vehumet.
  6940 | D:9      | Bought a shimmering longbow for 230 gold pieces
  6940 | D:9      | Identified the +1 longbow of Batuis {freeze, *Slow rPois
                  | Dex+6} (You bought it in a shop on level 9 of the Dungeon)
  7050 | D:9      | Found a sacrificial altar of Ru.
  7244 | Lair:1   | Entered Level 1 of the Lair of Beasts
  7377 | Lair:1   | Noticed a cane toad
  7413 | Lair:1   | Killed a cane toad
  7414 | Lair:1   | Reached XP level 11. HP: 82/89 MP: 11/11
  7504 | Lair:1   | You fall into a shaft and drop 1 floor!
  7536 | Lair:2   | Noticed a death yak
  7536 | Lair:2   | Noticed a death yak
  7536 | Lair:2   | Noticed a death yak
  7731 | Lair:1   | Reached skill level 5 in Dodging
  8412 | Lair:2   | Identified the +1 scale mail "Fecs" {Will- Str+6 Dex+3}
  8418 | Lair:2   | Found a staircase to the Snake Pit.
  8686 | Lair:2   | Noticed a death yak
  8828 | Lair:2   | Identified a scroll of acquirement
  8828 | Lair:2   | Acquired the ring "Buasergh" {rF+ rC+ Will- Str+6 Dex+7}
  8990 | Lair:2   | Noticed a death yak
  9049 | Lair:1   | Killed a death yak
  9276 | Lair:2   | Killed a death yak
  9287 | Lair:2   | Noticed a death yak
  9514 | Lair:2   | Noticed a death yak
  9534 | Lair:2   | Killed a death yak
  9535 | Lair:2   | Reached XP level 12. HP: 96/96 MP: 12/12
  9543 | Lair:2   | Noticed a death yak
  9547 | Lair:1   | Killed a death yak
  9630 | Lair:2   | Noticed a death yak
  9663 | Lair:1   | Killed a death yak
  9664 | Lair:1   | Reached skill level 10 in Dodging
  9666 | Lair:1   | Killed a death yak
  9829 | Lair:2   | Noticed a death yak
  9835 | Lair:1   | Killed a death yak
  9857 | Lair:1   | Killed a death yak
  9962 | Lair:2   | Found a staircase to the Shoals.
 10341 | Lair:2   | Killed a death yak
 10346 | Lair:2   | Killed a death yak
 10866 | Lair:2   | Found a staircase to the Snake Pit.
 11050 | Lair:2   | Found a staircase to the Shoals.
 11540 | Lair:3   | Noticed a six-headed hydra
 11540 | Lair:3   | Noticed a boulder beetle
 11585 | Lair:3   | Killed a six-headed hydra
 11587 | Lair:3   | Noticed a six-headed hydra
 11592 | Lair:3   | Killed a six-headed hydra
 11593 | Lair:3   | Reached XP level 13. HP: 101/101 MP: 13/13
 11640 | Lair:3   | Reached skill level 15 in Ranged Weapons
 13031 | Lair:4   | Identified the +1 flail "Sarcophage" {heavy, Stlth+}
 13251 | Lair:4   | Found a staircase to the Slime Pits.
 13255 | Lair:4   | Found a viscous altar of Jiyva.
 13683 | Lair:5   | Entered Level 5 of the Lair of Beasts
 13692 | Lair:5   | Reached XP level 14. HP: 108/108 MP: 14/14
 14532 | D:9      | Bought the +8 storm bow {elec, penet} for 1264 gold pieces
 14532 | D:9      | Found the +8 storm bow {elec, penet}
 14961 | Lair:5   | Identified the +4 short sword of Putrescence {pain, Will+
                  | Stlth+}
 15507 | Lair:5   | Noticed a dire elephant
 15523 | Lair:5   | Killed a dire elephant
 15728 | D:10     | Entered Level 10 of the Dungeon
 15929 | D:10     | Found a staircase to the Orcish Mines.
 16112 | D:10     | Reached XP level 15. HP: 114/114 MP: 15/15
 16390 | Orc:1    | Entered Level 1 of the Orcish Mines
 16390 | Orc:1    | Noticed Josephine
 16394 | Orc:1    | Killed Josephine
 16607 | Orc:1    | Noticed Jorgrun
 16615 | Orc:1    | Killed Jorgrun
 16723 | Orc:1    | Noticed Fannar
 16735 | Orc:1    | Killed Fannar
 16844 | Orc:1    | Found a runed translucent gate.
 16844 | Orc:1    | Found a runed translucent gate.
 16845 | Orc:1    | Found a runed translucent gate.
 16851 | Orc:1    | Noticed Cezoat's ghost (journeyman OpVM)
 17109 | D:5      | Noticed Prince Ribbit
 17115 | D:5      | Killed Prince Ribbit
 17268 | D:5      | Found a snail-covered altar of Cheibriados.
 17500 | D:4      | Killed olddryhag's ghost
 17501 | D:4      | Killed lessens's ghost
 17504 | D:4      | Killed OTABOTABOTAB's ghost
 17505 | D:4      | Killed bobo's ghost
 17509 | D:4      | Killed superbruh's ghost
 17712 | Orc:1    | Killed Cezoat's ghost
 17739 | Orc:1    | Identified the ring of the Jumping Genius {rElec rC+ rN+++
                  | Str+6 Dex-3}
 17773 | Orc:2    | Entered Level 2 of the Orcish Mines
 17773 | Orc:2    | Found Iwalen's Jewellery Boutique.
 17984 | Orc:2    | Found Dib Quloi's General Store.
 18040 | Orc:2    | Found Hierryank's General Store.
 18063 | Orc:2    | Noticed Azrael
 18070 | Orc:2    | Killed Azrael
 18191 | Orc:2    | Bought a potion of invisibility for 136 gold pieces
 18191 | Orc:2    | Bought a potion of heal wounds for 85 gold pieces
 18191 | Orc:2    | Bought a scroll of brand weapon for 161 gold pieces
 18193 | Orc:2    | Bought 2 potions of heal wounds for 120 gold pieces
 18202 | Orc:2    | Acquired a manual of Dodging
 18233 | Orc:2    | Found Lungooss's Magic Scroll Emporium.
 18244 | Orc:2    | Bought a scroll of enchant weapon for 127 gold pieces
 18257 | Orc:2    | Noticed Urug
 18277 | Orc:2    | Killed Urug
 18307 | Orc:2    | Found a staircase to the Elven Halls.
 18326 | Orc:2    | Found Caekis's Assorted Antiques.
 18335 | Orc:2    | Bought a potion of invisibility for 224 gold pieces
 18335 | Orc:2    | Bought a scroll labelled VETZAUREKUGE for 28 gold pieces
 18335 | Orc:2    | Bought a scroll labelled BAATYSS CEJUA for 28 gold pieces
 18335 | Orc:2    | Bought a shiny bone wand for 112 gold pieces
 18356 | Orc:2    | Found Sadicem's Antique Weapon Shoppe.
 18384 | Orc:2    | Found Lebbeere's Assorted Antiques.
 18410 | Orc:2    | Bought a copper wand for 100 gold pieces
 18410 | Orc:2    | Bought a gold wand for 100 gold pieces
 18511 | Orc:2    | Reached skill level 1 in Evocations
 18635 | Orc:2    | Found Wearcher's Book Emporium.
 18635 | Orc:2    | Found Valaapn's Antique Weapon Shoppe.
 18645 | Orc:2    | Found a one-way gate leading to the halls of Pandemonium.
 18658 | Orc:2    | Bought a There-And-Back Book for 480 gold pieces
 18665 | Orc:2    | Learned a level 6 spell: Dispersal
 18903 | Orc:2    | Learned a level 4 spell: Passage of Golubria
 18963 | D:11     | Noticed Erica
 18971 | D:11     | Killed Erica
 18975 | D:11     | Reached XP level 16. HP: 98/120 MP: 16/16
 19059 | D:11     | Reached skill level 1 in Translocations
 19077 | D:11     | Found a bloodstained altar of Trog.
 19184 | D:11     | Noticed experimilk's ghost (novice DrCj)
 19186 | D:11     | Found a runed translucent door.
 19544 | D:11     | Killed experimilk's ghost
 19557 | D:11     | Got the Lectures on the Syncline
 20139 | D:12     | Found Abranex's Jewellery Boutique.
 20445 | D:13     | Noticed Maurice
 20463 | D:13     | Killed Maurice
 20507 | D:13     | Found a gate leading to a gauntlet.
 20517 | Gauntlet | Entered a Gauntlet
 20517 | Gauntlet | Found a transporter.
 20517 | Gauntlet | Found a runed translucent door.
 20517 | Gauntlet | Found a transporter.
 20520 | Gauntlet | Found a runed translucent door.
 20521 | Gauntlet | Found a transporter.
 20521 | Gauntlet | Found a transporter.
 20525 | Gauntlet | Found a transporter.
 20525 | Gauntlet | Found a transporter.
 20551 | Gauntlet | Found a transporter.
 20555 | Gauntlet | Found a transporter.
 20564 | Gauntlet | Found a transporter.
 20580 | Gauntlet | Found a transporter.
 20594 | Gauntlet | Found a transporter.
 20598 | Gauntlet | Found a transporter.
 20755 | Gauntlet | Reached skill level 10 in Fighting
 21169 | D:13     | Identified the +1 scale mail of the Butcher {Harm rCorr
                  | MP-9}
 21408 | D:14     | Reached skill level 5 in Stealth
 21408 | D:14     | Identified the +5 sling "Ultimatum" {heavy, rPois Will+
                  | Stlth+}
 21408 | D:14     | Identified the +5 chain mail of Somewhere Else {Regen+}
 21408 | D:14     | Identified the ring of Satemmy {rCorr AC+4}
 21464 | D:14     | Reached XP level 17. HP: 107/129 MP: 17/17
 21815 | D:14     | Reached skill level 15 in Dodging
 21815 | D:14     | Reached skill level 5 in Translocations
 21937 | D:14     | Found a runed translucent gate.
 21938 | D:14     | Found a runed translucent gate.
 21938 | D:14     | Found a runed translucent gate.
 21941 | D:14     | Noticed Jocum's ghost (journeyman MiFi)
 21987 | D:14     | Killed Jocum's ghost
 22601 | D:14     | Found Sam Befega's Weapon Boutique.
 22682 | D:14     | Found a gate to the Vaults.
 23217 | Shoals:1 | Entered Level 1 of the Shoals
 23426 | Shoals:1 | Noticed Frances
 23434 | Shoals:1 | Killed Frances
 24094 | Shoals:2 | Found Pokeces's Firing Range.
 24171 | Shoals:2 | Bought a shadowed robe for 171 gold pieces
 24171 | Shoals:2 | Identified the +2 robe "Borphayge" {rF++ Int+3} (You bought
                  | it in a shop on level 2 of the Shoals)
 24171 | Shoals:2 | Bought a dazzling chain mail for 285 gold pieces
 24171 | Shoals:2 | Identified the +0 chain mail of Afedo {rElec rF+ rCorr}
                  | (You bought it in a shop on level 2 of the Shoals)
 24171 | Shoals:2 | Bought a steaming chain mail for 285 gold pieces
 24171 | Shoals:2 | Identified the +1 chain mail of the Game Afoot {-Cast rC+
                  | rN+ Str+3} (You bought it in a shop on level 2 of the
                  | Shoals)
 24751 | Shoals:2 | Reached skill level 1 in Armour
 25271 | Shoals:3 | Reached XP level 18. HP: 143/143 MP: 18/18
 25651 | Shoals:3 | Reached skill level 5 in Armour
 25984 | Shoals:4 | Entered Level 4 of the Shoals
 26211 | Shoals:4 | Noticed Kirke
 26445 | Shoals:4 | Found Omnorheo's Self-Improvement Boutique.
 26489 | Shoals:4 | Identified the +2 robe of Undesirable Species {rElec rF-
                  | rN+ rCorr}
 26530 | Shoals:4 | Bought a manual of Armour for 800 gold pieces
 26788 | Shoals:3 | Killed Kirke
 26877 | Shoals:4 | Noticed Polyphemus
 26886 | Shoals:4 | Killed Polyphemus
 26887 | Shoals:4 | Reached skill level 10 in Armour
 27107 | Shoals:4 | Got a barnacled rune of Zot
 27489 | Snake:1  | Entered Level 1 of the Snake Pit
 27524 | Snake:1  | Reached XP level 19. HP: 112/149 MP: 19/19
 28808 | Snake:2  | Found a frozen archway.
 28808 | Snake:2  | Noticed Nikola
 28820 | Snake:2  | Killed Nikola
 28821 | Snake:2  | Reached skill level 15 in Armour
 28848 | IceCv    | Entered an ice cave
 28937 | IceCv    | Identified the +3 ice dragon scales of Ciablemp {Harm rElec
                  | rF- rC++ Dex-3 SInv}
 28982 | IceCv    | Acquired the amulet of Wotokela {Spirit Dex+5}
 29023 | IceCv    | Reached skill level 1 in Spellcasting
 29247 | IceCv    | Identified the +10 long sword of the Extremes {holy, rF+
                  | rC++ rN+ Str+2}
 29753 | Snake:2  | Reached skill level 5 in Spellcasting
 30088 | Snake:2  | Noticed demibob's ghost (adept TrBe)
 30102 | Snake:2  | Found a bloodstained altar of Trog.
 30108 | Snake:2  | Found a transporter.
 30111 | Snake:2  | Found a transporter.
 30164 | Snake:2  | Identified the ring of Zisazaq {Fly Str+2 Int-4 Dex+6
                  | Slay+3}
 30230 | Snake:3  | Identified the +5 hand axe "Demon's Bane" {spect, rC+ Dex-4
                  | SInv}
 30423 | Snake:3  | Identified the +11 sling "Orb Guardian's Peril" {drain,
                  | Int+2}
 30474 | Snake:3  | Found a glowing silver altar of Zin.
 30728 | Snake:4  | Entered Level 4 of the Snake Pit
 31217 | Snake:4  | Reached XP level 20. HP: 149/156 MP: 32/32
 31772 | Snake:4  | Reached skill level 10 in Spellcasting
 31933 | Snake:4  | Got a serpentine rune of Zot
 32192 | Elf:1    | Entered Level 1 of the Elven Halls
 32213 | Elf:1    | Found a radiant altar of Vehumet.
 32464 | Elf:1    | Found Judgh's Jewellery Boutique.
 32498 | Elf:1    | Found a portal to a secret trove of treasure.
 33707 | Elf:2    | Found a runed translucent gate.
 33708 | Elf:2    | Found a runed translucent gate.
 33708 | Elf:2    | Found a runed translucent gate.
 33736 | Elf:2    | Identified the +5 dagger of the Living Dead {pain, rPois
                  | MP+9 Int+3 Dex-3}
 33802 | Elf:2    | Found a shimmering blue altar of Sif Muna.
 34158 | Elf:2    | Reached XP level 21. HP: 165/165 MP: 36/36
 34538 | Elf:3    | Entered Level 3 of the Elven Halls
 35604 | Elf:3    | Reached skill level 15 in Fighting
 35633 | Elf:3    | Reached skill level 10 in Stealth
 35693 | Abyss:2  | Cast into level 2 of the Abyss (a deep elf sorcerer)
 35828 | Abyss:2  | Gained mutation: Armour fits poorly on your strangely
                  | shaped body. [a neqoxec]
 35835 | Abyss:2  | Lost mutation: Armour fits poorly on your strangely shaped
                  | body. [potion of mutation]
 35835 | Abyss:2  | Gained mutation: You have sharp toenails. [potion of
                  | mutation]
 35835 | Abyss:2  | Gained mutation: You are partially covered in large bone
                  | plates. (SH +4) [potion of mutation]
 35841 | Abyss:2  | Found a corrupted altar of Lugonu.
 35956 | Abyss:2  | Noticed a bone dragon
 35978 | Abyss:2  | Killed a bone dragon
 36038 | Elf:3    | Escaped the Abyss
 36089 | Elf:3    | Identified the ring of Gigosis {rF+ rC+ rN+ Str+2 Int-3}
 36404 | Elf:3    | Identified the +2 glaive of Drought {heavy, rPois Will+
                  | Int+2}
 36563 | Elf:3    | Identified the +6 morningstar "Gorirec" {freeze, rC+ Int+3
                  | Dex+2}
 36569 | Elf:3    | Identified the ring "Ganistri" {rN+ SInv}
 36598 | Elf:3    | Identified the +3 scale mail "Fiujesiv" {rElec Int+3 Dex-5
                  | SInv}
 36598 | Elf:3    | Identified the amulet of Nirhogea {Reflect Rampage rF+
                  | SH+5}
 36616 | Elf:3    | Reached XP level 22. HP: 138/177 MP: 30/40
 36626 | Elf:3    | Identified the ring of Vanecs {Fly rN+ Will+ rCorr Stlth+}
 36654 | Elf:3    | Identified the +0 ring mail of the Ward {Str+3}
 36666 | Elf:3    | Identified the +1 spear of Tugrutoro {protect, rC+ Dex+3
                  | SInv}
 36998 | D:15     | Entered Level 15 of the Dungeon
 37003 | D:15     | Noticed Rupert
 37010 | D:15     | Killed Rupert
 37128 | D:15     | Found the ring of the Octopus King
 37155 | D:15     | Identified a ring of the Octopus King {HP+2 MP+9 AC+2 EV+2
                  | SH+2}
 37518 | D:15     | Found a staircase to the Depths.
 37742 | Slime:1  | Entered Level 1 of the Pits of Slime
 37819 | Slime:1  | Learned a level 1 spell: Apportation
 37832 | Slime:1  | Gained mutation: You are robust. (+10% HP) [a shining eye]
 38008 | Slime:2  | Found a viscous altar of Jiyva.
 38631 | Vaults:1 | Entered Level 1 of the Vaults
 38772 | Vaults:1 | Identified the +6 rapier of Shrieking Terror {flame, rElec
                  | rF+++ rC- Will+++}
 39159 | Vaults:1 | Reached skill level 15 in Spellcasting
 39668 | Vaults:1 | Found Quacick's Assorted Antiques.
 39915 | Vaults:1 | Found a runed translucent gate.
 39915 | Vaults:1 | Found a runed translucent gate.
 39915 | Vaults:1 | Found a runed translucent gate.
 39915 | Vaults:1 | Noticed Tang's ghost (master DsGl)
 40235 | Vaults:2 | Noticed Agnes
 40237 | Vaults:2 | Noticed Frederick
 40252 | Vaults:2 | Killed Agnes
 40252 | Vaults:2 | Killed Frederick
 40350 | Vaults:2 | Reached XP level 23. HP: 202/202 MP: 42/42
 40625 | Vaults:2 | Found a staircase to the Crypt.
 40732 | Vaults:2 | Noticed Bai Suzhen
 40763 | Vaults:2 | Killed Bai Suzhen
 40875 | Vaults:2 | Reached skill level 10 in Shields
 41442 | Vaults:3 | Noticed Boris
 41456 | Vaults:3 | Noticed Margery
 41475 | Vaults:3 | Killed Boris
 41488 | Vaults:3 | Killed Margery
 41621 | Vaults:3 | Noticed Mennas
 41624 | Vaults:3 | Reached XP level 24. HP: 210/210 MP: 43/43
 41675 | Vaults:3 | Killed Mennas
 41783 | Vaults:3 | Identified the +1 plate armour of Labbar {Dex+2}
 41909 | Vaults:3 | Found Xeiradicob's Antique Weapon Shop.
 42130 | Vaults:3 | Reached skill level 10 in Translocations
 42692 | Vaults:3 | Reached XP level 25. HP: 203/216 MP: 43/43
 43311 | Vaults:4 | Identified the +1 scale mail of the Bells {rElec rC+ rN+}
 43998 | Vaults:4 | Found Vamuraet's Weapon Emporium.
 44158 | Vaults:4 | Bought the +6 arbalest "Damnation" {damnation} for 2560
                  | gold pieces
 44158 | Vaults:4 | Found the +6 arbalest "Damnation" {damnation}
 44212 | Vaults:5 | Entered Level 5 of the Vaults
 44326 | Vaults:5 | Noticed a dread lich
 44403 | Vaults:4 | Killed a dread lich
 45608 | Vaults:5 | Noticed a dread lich
 45611 | Vaults:5 | Noticed an ancient lich
 45985 | Vaults:4 | Killed a dread lich
 45986 | Vaults:4 | Reached XP level 26. HP: 205/216 MP: 44/44
 46045 | Vaults:4 | Killed an ancient lich
 46046 | Vaults:4 | Reached skill level 15 in Translocations
 46474 | Vaults:5 | Identified the ring of Peadazup {+Blink Fly rElec rPois
                  | Str-4}
 46897 | Vaults:5 | Found Iwuojok's Magic Scroll Emporium.
 46911 | Vaults:5 | Bought a scroll of enchant armour for 120 gold pieces
 46935 | Vaults:5 | Found Urelat's Magic Scroll Shoppe.
 46939 | Vaults:5 | Found Kuzusai's Distillery.
 46940 | Vaults:5 | Bought 3 scrolls of enchant armour for 427 gold pieces
 46947 | Vaults:5 | Bought a potion of heal wounds for 75 gold pieces
 46947 | Vaults:5 | Bought a potion of mutation for 120 gold pieces
 46966 | Vaults:5 | Found Toarez's Distillery.
 46971 | Vaults:5 | Bought a potion of heal wounds for 75 gold pieces
 46971 | Vaults:5 | Bought a potion of heal wounds for 75 gold pieces
 47121 | Vaults:5 | Found the +7 great mace "Firestarter" {flame, inner flame,
                  | rFlCloud rF++}
 47125 | Vaults:5 | Found the +8 Vampire's Tooth {megavamp}
 47460 | Orc:2    | Bought the ring of Vampiric Thralls {Str+4 Dex+6 Stlth+}
                  | for 867 gold pieces
 47712 | Shoals:4 | Bought a manual of Maces & Flails for 800 gold pieces
 47986 | Depths:1 | Entered Level 1 of the Depths
 47986 | Depths:1 | Noticed Asterion
 48006 | Depths:1 | Killed Asterion
 48208 | Depths:1 | Noticed KennySheep's ghost (adept MeTm)
 48214 | Depths:1 | Found a runed translucent gate.
 48214 | Depths:1 | Found a runed translucent gate.
 48214 | Depths:1 | Found a runed translucent gate.
 48288 | Depths:1 | Found a one-way gateway to a ziggurat.
 48330 | Depths:1 | Found a gateway to Hell.
 48608 | Depths:1 | Killed KennySheep's ghost
 48871 | Depths:2 | Found an opulent altar of Gozag.
 48871 | Depths:2 | Found Gozag's Platinum Reserve.
 49018 | Depths:2 | You fall into a shaft and drop 2 floors!
 49018 | Depths:4 | Entered Level 4 of the Depths
 49175 | Depths:4 | Found a gate to the Realm of Zot.
 49581 | Depths:4 | Noticed Saint Roka
 49594 | Depths:4 | Killed Saint Roka
 49595 | Depths:4 | Reached XP level 27. HP: 224/240 MP: 41/44
 49618 | Depths:4 | Found a transporter.
 49894 | Depths:4 | Found a transporter.
 50019 | Depths:4 | Bought a manual of Shields for 1520 gold pieces
 50069 | Depths:3 | Found a runed translucent gate.
 50069 | Depths:3 | Found a runed translucent gate.
 50069 | Depths:3 | Found a runed translucent gate.
 50069 | Depths:3 | Found an opulent altar of Gozag.
 50072 | Depths:3 | Noticed wormed's ghost (adept DsEE)
 50131 | Depths:3 | Killed wormed's ghost
 50225 | Depths:3 | Found a flickering gateway to a bazaar.
 50289 | Depths:3 | Found a one-way gate to the infinite horrors of the Abyss.
 50412 | Bazaar   | Entered a bazaar
 50413 | Bazaar   | Found Ligibick's Weapon Shoppe.
 50420 | Bazaar   | Found Ashavaeb's Magic Scroll Emporium.
 50425 | Bazaar   | Found Keuphala's Antique Armour Shop.
 50431 | Bazaar   | Found Vasoibri's Antique Armour Emporium.
 50468 | Bazaar   | Found Cynouwny's Jewellery Boutique.
 50507 | Bazaar   | Bought the +3 pair of mountain boots {steadfast, rC+} for
                  | 737 gold pieces
 50507 | Bazaar   | Found the +3 pair of mountain boots {steadfast, rC+}
 50518 | Bazaar   | Bought a glowing cloak for 202 gold pieces
 50529 | Bazaar   | Bought a scroll of enchant armour for 52 gold pieces
 50586 | Depths:3 | Found a transporter.
 50589 | Depths:3 | Noticed a juggernaut
 50596 | Depths:3 | Found a transporter.
 50667 | Depths:3 | Learned a level 3 spell: Vhi's Electric Charge
 50793 | Depths:3 | Reached skill level 15 in Shields
 51513 | Depths:2 | Found a glowing golden altar of the Shining One.
 51993 | Crypt:1  | Entered Level 1 of the Crypt
 53740 | Crypt:2  | Found a transporter.
 53770 | Crypt:2  | Found a transporter.
 53770 | Crypt:2  | Found a transporter.
 53772 | Crypt:2  | Noticed an ancient lich
 53772 | Crypt:2  | Noticed a dread lich
 53774 | Crypt:2  | Noticed a dread lich
 53848 | Crypt:2  | Found a transporter.
 53861 | Crypt:2  | Found a transporter.
 54002 | Crypt:2  | Reached skill level 1 in Maces & Flails
 54017 | Crypt:2  | Learned a level 4 spell: Manifold Assault
 54140 | Crypt:3  | Entered Level 3 of the Crypt
 54300 | Crypt:3  | Reached skill level 5 in Maces & Flails
 54301 | Crypt:3  | Found a staircase to the Tomb.
 54863 | Crypt:3  | Found a basalt altar of Yredelemnul.
 54935 | Crypt:3  | Reached skill level 10 in Maces & Flails
 55391 | Crypt:3  | Noticed an ancient lich
 55405 | Crypt:3  | Killed an ancient lich
 55555 | Crypt:3  | Noticed an ancient lich
 55561 | Crypt:3  | Killed an ancient lich
 55703 | Crypt:3  | Identified the +1 broad axe of Midnight {flame, rF++ Will-
                  | Str+2 Stlth+}
 55762 | Crypt:3  | Learned a level 2 spell: Lesser Beckoning
 56045 | Depths:3 | Voluntarily entered the Abyss.
 56096 | Abyss:3  | Found a shimmering blue altar of Sif Muna.
 56136 | Abyss:3  | Identified the amulet of Qeclip {RegenMP rN+ Will+ Str+2
                  | Slay-2}
 56383 | Abyss:3  | Found a shimmering blue altar of Sif Muna.
 56643 | Abyss:3  | Reached skill level 15 in Maces & Flails
 56651 | Abyss:3  | Got an abyssal rune of Zot
 56876 | Abyss:3  | Noticed an ancient lich
 56904 | Abyss:3  | Killed an ancient lich
 57061 | Depths:3 | Escaped the Abyss
 57653 | Depths:3 | Found a transporter.
 57748 | Depths:3 | Found a one-way gate to the infinite horrors of the Abyss.
 57820 | Depths:3 | Found an opulent altar of Gozag.
 58473 | Depths:3 | Killed a juggernaut
 58824 | Depths:3 | Identified the +4 plate armour "Xisacosk" {Will+ Slay+2}
 58965 | Pan      | Entered Pandemonium
 59061 | Pan      | Noticed Xoaseuhu the pandemonium lord
 60039 | Pan      | Noticed Gywawuaq the pandemonium lord
 60057 | Pan      | Killed Gywawuaq the pandemonium lord
 60188 | Pan      | Entered the realm of Gloorx Vloq.
 60210 | Pan      | Reached skill level 15 in Stealth
 60434 | Pan      | Noticed Gloorx Vloq
 60615 | Pan      | Learned a level 2 spell: Wereblood
 60678 | Pan      | Reached skill level 1 in Transmutations
 60825 | Pan      | Killed Gloorx Vloq
 60826 | Pan      | Reached skill level 5 in Transmutations
 61598 | Pan      | Identified the +0 rapier "Ceoptapt" {pain, rElec rC+}
 61971 | Pan      | Got a dark rune of Zot
 64666 | Pan      | Found a glowing silver altar of Zin.
 64726 | Pan      | Identified the +2 robe of the Earth {rN+ Int+4}
 65110 | Pan      | Found a white marble altar of Elyvilon.
 65912 | Pan      | Identified the ring of Ukukla {Fly SInv}
 66012 | Pan      | Noticed a seraph
 66013 | Pan      | Identified the +1 great mace of Linearity {venom, rElec}
 66013 | Pan      | Identified the amulet of Worgh {Reflect Regen+ SH+5}
 66030 | Pan      | Killed a seraph
 66044 | Pan      | Found a glowing golden altar of the Shining One.
 66099 | Pan      | Got a demonic rune of Zot
 66105 | Pan      | Got the Precepts of Terra Firma and Impurities
 66427 | Pan      | Noticed Orphugh the pandemonium lord
 66440 | Pan      | Killed Orphugh the pandemonium lord
 66466 | Pan      | Lost mutation: You are partially covered in large bone
                  | plates. (SH +4) [a cacodemon]
 66662 | Pan      | Noticed Reavosoz the pandemonium lord
 66690 | Pan      | Killed Reavosoz the pandemonium lord
 66783 | Pan      | Gained mutation: You occasionally lose the ability to read
                  | scrolls when taking damage. [a neqoxec]
 66790 | Pan      | Lost mutation: You are robust. (+10% HP) [potion of
                  | mutation]
 66790 | Pan      | Lost mutation: You have sharp toenails. [potion of
                  | mutation]
 66790 | Pan      | Gained mutation: Your mind is acute. (Int +4, Str/Dex -1)
                  | [potion of mutation]
 66790 | Pan      | Gained mutation: Your muscles are strong. (Str +4, Int/Dex
                  | -1) [potion of mutation]
 66790 | Pan      | Gained mutation: You possess an exceptional clarity of
                  | mind. [potion of mutation]
 66791 | Pan      | Lost mutation: You occasionally lose the ability to read
                  | scrolls when taking damage. [potion of mutation]
 66791 | Pan      | Lost mutation: Your muscles are strong. (Str +4, Int/Dex
                  | -1) [potion of mutation]
 66791 | Pan      | Lost mutation: Your mind is acute. (Int +4, Str/Dex -1)
                  | [potion of mutation]
 66791 | Pan      | Gained mutation: You are robust. (+10% HP) [potion of
                  | mutation]
 66791 | Pan      | Gained mutation: You are weak. (Str -2) [potion of
                  | mutation]
 66791 | Pan      | Gained mutation: You are dopey. (Int -2) [potion of
                  | mutation]
 66791 | Pan      | Gained mutation: You are agile. (Dex +4, Str/Int -1)
                  | [potion of mutation]
 67184 | Pan      | Noticed Qiob the pandemonium lord
 67202 | Pan      | Killed Qiob the pandemonium lord
 67327 | Pan      | Entered the realm of Mnoleg.
 67327 | Pan      | Noticed Mnoleg
 67337 | Pan      | Gained mutation: Armour fits poorly on your strangely
                  | shaped body. [a neqoxec]
 67338 | Pan      | Gained mutation: You do not regenerate when monsters are
                  | visible. [a neqoxec]
 67357 | Pan      | Lost mutation: You possess an exceptional clarity of mind.
                  | [Mnoleg's mutagenic touch]
 67361 | Pan      | Gained mutation: Your magical capacity is low. (-10% MP)
                  | [Mnoleg's mutagenic touch]
 67369 | Pan      | Killed Mnoleg
 67378 | Pan      | Gained mutation: You are very dopey. (Int -4) [a cacodemon]
 67565 | Pan      | Gained mutation: You occasionally lose the ability to drink
                  | potions when taking damage. [a shining eye]
 67579 | Pan      | Got a glowing rune of Zot
 67679 | Pan      | Lost mutation: You are robust. (+10% HP) [a cacodemon]
 67735 | Pan      | Noticed Hegausch the pandemonium lord
 67767 | Pan      | Killed Hegausch the pandemonium lord
 67939 | Pan      | Gained mutation: Your magical capacity is very low. (-20%
                  | MP) [a neqoxec]
 67946 | Pan      | Lost mutation: You do not regenerate when monsters are
                  | visible. [potion of mutation]
 67946 | Pan      | Lost mutation: Your magical capacity is very low. (-20% MP)
                  | [potion of mutation]
 67946 | Pan      | Lost mutation: You are weak. (Str -2) [potion of mutation]
 67946 | Pan      | Gained mutation: Your spells are a little easier to cast,
                  | but a little less powerful. [potion of mutation]
 67946 | Pan      | Gained mutation: You occasionally shout uncontrollably at
                  | your foes. [potion of mutation]
 67946 | Pan      | Gained mutation: You have hidden genetic potential. [potion
                  | of mutation]
 67947 | Pan      | Lost mutation: You are agile. (Dex +4, Str/Int -1) [potion
                  | of mutation]
 67947 | Pan      | Lost mutation: You have hidden genetic potential. [potion
                  | of mutation]
 67947 | Pan      | Gained mutation: You are frail. (-10% HP) [potion of
                  | mutation]
 67947 | Pan      | Lost mutation: You occasionally lose the ability to drink
                  | potions when taking damage. [potion of mutation]
 67947 | Pan      | Gained mutation: Your system is resistant to poisons.
                  | (rPois) [potion of mutation]
 67948 | Pan      | Lost mutation: You are frail. (-10% HP) [potion of
                  | mutation]
 67948 | Pan      | Lost mutation: Your system is resistant to poisons. (rPois)
                  | [potion of mutation]
 67948 | Pan      | Lost mutation: Your spells are a little easier to cast, but
                  | a little less powerful. [potion of mutation]
 67948 | Pan      | Gained mutation: You are partially covered in iridescent
                  | scales. (AC +2) [potion of mutation]
 67948 | Pan      | Gained mutation: You are mostly covered in iridescent
                  | scales. (AC +4) [potion of mutation]
 68062 | Pan      | Noticed Xenaref the pandemonium lord
 68062 | Pan      | Gained mutation: You are frail. (-10% HP) [a neqoxec]
 68091 | Pan      | Killed Xenaref the pandemonium lord
 68227 | Pan      | Noticed Veumyibe the pandemonium lord
 68268 | Pan      | Killed Veumyibe the pandemonium lord
 68286 | Depths:4 | Escaped Pandemonium
 68399 | Pan      | Entered Pandemonium
 68514 | Pan      | Noticed Seupaff the pandemonium lord
 68528 | Pan      | Killed Seupaff the pandemonium lord
 68740 | Pan      | Entered the realm of Cerebov.
 68968 | Pan      | Acquired 865 gold pieces
 69028 | Pan      | Found the +6 sword of Cerebov {flame}
 69028 | Pan      | Noticed Cerebov
 69080 | Pan      | Identified the ring "Beme" {rPois rC- Slay+3 Stlth+}
 69118 | Pan      | Identified the +7 scale mail of Puecifru {rN+ Dex+6}
 69230 | Pan      | Identified the +6 spear "Killer Klown's Peril" {flame,
                  | Str+3}
 69234 | Pan      | Got the Treatise on Power
 69294 | Pan      | Identified the +11 quick blade "Qick" {venom, +Blink rPois
                  | Stlth+}
 69332 | Pan      | Got the Elucidation of Exhalation and Interference
 69517 | Pan      | Learned a level 5 spell: Yara's Violent Unravelling
 70466 | Pan      | Reached skill level 10 in Transmutations
 75206 | Pan      | Reached skill level 15 in Transmutations
 75491 | Pan      | Killed Cerebov
 75818 | Pan      | Got a fiery rune of Zot
 76192 | Pan      | Entered the realm of Lom Lobon.
 77040 | Pan      | Noticed Lom Lobon
 77065 | Pan      | Got a magical rune of Zot
 77315 | Pan      | Found an exit through the horrors of the Abyss.
 77329 | Pan      | Took an exit into the Abyss.
 77329 | Abyss:4  | Escaped into the Abyss
 77345 | Abyss:4  | Found a corrupted altar of Lugonu.
 77347 | Depths:4 | Escaped the Abyss
 77672 | Tomb:1   | Entered Level 1 of the Tomb of the Ancients
 78461 | Tomb:1   | Identified the +3 chain mail "Yvihear" {rF+ Dex+4 Slay-4
                  | SInv}
 78768 | Tomb:1   | Identified the +7 quarterstaff of Noon {holy, +Blink Will+}
 78860 | Tomb:1   | Noticed a royal mummy
 78869 | Tomb:1   | Killed a royal mummy
 79741 | Tomb:2   | Noticed a royal mummy
 79741 | Tomb:2   | Noticed a royal mummy
 79748 | Tomb:2   | Noticed a royal mummy
 79753 | Tomb:2   | Noticed a royal mummy
 79764 | Tomb:2   | Noticed a royal mummy
 79787 | Tomb:2   | Killed a royal mummy
 79788 | Tomb:2   | HP: 5/207 [mummy priest/divine providence (9)]
 80323 | Crypt:2  | Killed an ancient lich
 80591 | Crypt:2  | Killed a dread lich
 80598 | Crypt:2  | Killed a dread lich
 80630 | Crypt:2  | Identified the ring "Liarraapp" {Wiz rN+ Dex+4}
 80861 | Vaults:1 | Killed Tang's ghost
 81095 | Zot:1    | Entered Level 1 of the Realm of Zot
 81896 | Zot:2    | Found a transporter.
 81898 | Zot:2    | Noticed Koub's ghost (legendary GnFE)
 81902 | Zot:2    | Found a transporter.
 81903 | Zot:2    | Noticed a dread lich
 82008 | Zot:2    | Noticed an ancient lich
 82011 | Zot:2    | Found the +10 tower shield of Ignorance {rN+ Int-4}
 82642 | Depths:4 | Bought a book of Chaos for 950 gold pieces
 82652 | Depths:4 | Learned a level 8 spell: Disjunction
 82935 | Zot:3    | Found a transporter.
 82937 | Zot:3    | Found a radiant altar of Vehumet.
 82944 | Zot:3    | Found a runed translucent door.
 82945 | Zot:3    | Found a shimmering altar of Xom.
 82945 | Zot:3    | Noticed wormed's ghost (master DsFE)
 83033 | Zot:3    | Noticed an ancient lich
 83498 | Zot:3    | Killed wormed's ghost
 83921 | Zot:4    | Identified the +5 quarterstaff of Maoppuum {heavy, rF-
                  | rCorr Str+3}
 84267 | Zot:5    | Entered Level 5 of the Realm of Zot
 85272 | Zot:5    | Noticed an ancient lich
 85285 | Zot:5    | Killed an ancient lich
 85308 | Zot:5    | Noticed an orb of fire
 85309 | Zot:5    | Gained mutation: You are weak. (Str -2) [an orb of fire]
 85316 | Zot:5    | Killed an orb of fire
 85449 | Zot:5    | Noticed an orb of fire
 85451 | Zot:5    | Gained mutation: You frequently scream uncontrollably at
                  | your foes. [an orb of fire]
 85456 | Zot:5    | Noticed a Killer Klown
 85457 | Zot:5    | Killed an orb of fire
 85458 | Zot:5    | Noticed a Killer Klown
 85464 | Zot:5    | Killed a Killer Klown
 85471 | Zot:5    | Killed a Killer Klown
 85483 | Zot:5    | Noticed a Killer Klown
 85489 | Zot:5    | Killed a Killer Klown
 86048 | Zot:5    | Noticed a dread lich
 86052 | Zot:5    | Noticed a Killer Klown
 86055 | Zot:5    | Killed a dread lich
 86058 | Zot:5    | Killed a Killer Klown
 86146 | Zot:5    | Noticed a Killer Klown
 86154 | Zot:5    | Killed a Killer Klown
 86154 | Zot:5    | Noticed a Killer Klown
 86159 | Zot:5    | Noticed a Killer Klown
 86161 | Zot:5    | Noticed an orb of fire
 86161 | Zot:5    | Killed a Killer Klown
 86161 | Zot:5    | Noticed a Killer Klown
 86165 | Zot:5    | Noticed an ancient lich
 86167 | Zot:5    | Noticed an orb of fire
 86168 | Zot:5    | Gained mutation: Your magical capacity is very low. (-20%
                  | MP) [an orb of fire]
 86173 | Zot:5    | Gained mutation: You do not regenerate when monsters are
                  | visible. [an orb of fire]
 86179 | Zot:5    | Gained mutation: You are clumsy. (Dex -2) [an orb of fire]
 86181 | Zot:5    | Killed an orb of fire
 86185 | Zot:5    | Noticed a Killer Klown
 86185 | Zot:5    | Gained mutation: You are very weak. (Str -4) [an orb of
                  | fire]
 86186 | Zot:5    | Killed an orb of fire
 86210 | Zot:5    | Killed an ancient lich
 86223 | Zot:5    | Killed a Killer Klown
 86233 | Zot:5    | Killed a Killer Klown
 87693 | Slime:5  | Entered Level 5 of the Pits of Slime
 87776 | Slime:5  | Noticed the Royal Jelly
 87785 | Slime:5  | Killed the Royal Jelly
 88259 | Slime:5  | Found the +12 pair of quick blades "Gyre" and "Gimble"
                  | {protect}
 88260 | Slime:5  | Found the +2 shield of Resistance {rF++ rC++ Will++}
 88575 | Slime:5  | Identified the +1 great sword of Wariness {flame, rC+
                  | Will++ Dex+2} (You found it on level 5 of the Pits of
                  | Slime)
 88578 | Slime:5  | Identified the +3 scimitar "Ufegh" {drain, rF+ Will+++
                  | rCorr Str-2}
 88590 | Slime:5  | Identified the +1 ring mail of the Bells {Str+3 Int+5} (You
                  | found it on level 5 of the Pits of Slime)
 88619 | Slime:5  | Got a slimy rune of Zot
 89058 | Slime:5  | Reached skill level 1 in Short Blades
 89592 | D:9      | Bought fine steam dragon scales for 945 gold pieces
 89592 | D:9      | Identified the +3 steam dragon scales of Hangman {Str+4}
                  | (You bought it in a shop on level 9 of the Dungeon)
 89592 | D:9      | Bought a transparent ring mail for 189 gold pieces
 89592 | D:9      | Identified the +3 ring mail of Molozxam {Dex+2} (You bought
                  | it in a shop on level 9 of the Dungeon)
 89661 | D:9      | Killed mandoloar's ghost
 89964 | D:14     | You fall into a shaft and drop 1 floor!
 90580 | Tomb:2   | Killed a royal mummy
 90589 | Tomb:2   | Killed a royal mummy
 90598 | Tomb:1   | Killed a royal mummy
 90918 | Tomb:1   | Lost mutation: You are very dopey. (Int -4) [potion of
                  | mutation]
 90918 | Tomb:1   | Lost mutation: You are frail. (-10% HP) [potion of
                  | mutation]
 90919 | Tomb:1   | Lost mutation: You are very weak. (Str -4) [potion of
                  | mutation]
 90919 | Tomb:1   | Lost mutation: You are weak. (Str -2) [potion of mutation]
 90919 | Tomb:1   | Lost mutation: Your magical capacity is very low. (-20% MP)
                  | [potion of mutation]
 90919 | Tomb:1   | Lost mutation: Armour fits poorly on your strangely shaped
                  | body. [potion of mutation]
 90920 | Tomb:1   | Lost mutation: You are dopey. (Int -2) [potion of mutation]
 90920 | Tomb:1   | Lost mutation: You are mostly covered in iridescent scales.
                  | (AC +4) [potion of mutation]
 90920 | Tomb:1   | Lost mutation: You frequently scream uncontrollably at your
                  | foes. [potion of mutation]
 90920 | Tomb:1   | Gained mutation: You are mostly covered in iridescent
                  | scales. (AC +4) [potion of mutation]
 90920 | Tomb:1   | Gained mutation: You expend magic power (3 MP) to
                  | strengthen your wands. [potion of mutation]
 90977 | Tomb:2   | Killed a royal mummy
 91535 | Tomb:1   | Noticed a royal mummy
 91535 | Tomb:1   | Noticed a royal mummy
 91536 | Tomb:1   | Noticed a royal mummy
 91536 | Tomb:1   | Noticed a royal mummy
 91536 | Tomb:1   | Noticed a royal mummy
 91536 | Tomb:1   | Noticed a royal mummy
 91536 | Tomb:1   | Noticed a royal mummy
 91537 | Tomb:1   | Noticed a royal mummy
 91537 | Tomb:1   | Noticed a royal mummy
 91537 | Tomb:1   | Noticed a royal mummy
 91538 | Tomb:1   | Noticed a royal mummy
 91557 | Tomb:1   | Killed a royal mummy
 91558 | Tomb:1   | Reached skill level 5 in Short Blades
 91566 | Tomb:1   | Killed a royal mummy
 91566 | Tomb:1   | Killed a royal mummy
 91571 | Tomb:1   | Killed a royal mummy
 91575 | Tomb:1   | Killed a royal mummy
 91578 | Tomb:1   | Killed a royal mummy
 91586 | Tomb:1   | Killed a royal mummy
 91588 | Tomb:1   | Killed a royal mummy
 91600 | Tomb:1   | Killed a royal mummy
 92052 | Tomb:1   | Noticed a royal mummy
 92058 | Tomb:1   | Killed a royal mummy
 92062 | Tomb:1   | Noticed a royal mummy
 92078 | Tomb:1   | Killed a royal mummy
 92110 | Tomb:1   | Noticed a royal mummy
 92123 | Tomb:1   | Killed a royal mummy
 92145 | Tomb:1   | Noticed a royal mummy
 92158 | Tomb:1   | Killed a royal mummy
 92172 | Tomb:1   | Noticed a royal mummy
 92251 | Tomb:1   | Killed a royal mummy
 92266 | Tomb:1   | Noticed a royal mummy
 92662 | Tomb:1   | Killed a royal mummy
 92878 | Tomb:1   | Noticed a royal mummy
 92887 | Tomb:1   | Killed a royal mummy
 94353 | Hell     | Entered the Vestibule of Hell
 94353 | Hell     | Noticed Geryon
 94361 | Hell     | Noticed Murray
 94557 | Depths:1 | Killed Murray
 94623 | Hell     | Killed Geryon
 94648 | Hell     | Gained mutation: You occasionally lose the ability to drink
                  | potions when taking damage. [a cacodemon]
 95578 | Hell     | Found a gateway to the Iron City of Dis.
 95626 | Hell     | Found a gateway to the ashen valley of Gehenna.
 95687 | Hell     | Found a gateway to the decaying netherworld of Tartarus.
 95726 | Hell     | Found a gateway to the freezing wastes of Cocytus.
 95929 | Geh:1    | Entered Level 1 of Gehenna
 96082 | Geh:2    | Reached skill level 10 in Short Blades
 96156 | Geh:3    | Noticed an ancient lich
 96156 | Geh:3    | Noticed an ancient lich
 96156 | Geh:3    | Noticed an ancient lich
 96156 | Geh:3    | Noticed a dread lich
 96156 | Geh:3    | Noticed an ancient lich
 96156 | Geh:3    | Noticed a dread lich
 96164 | Geh:3    | Killed an ancient lich
 96169 | Geh:3    | Killed an ancient lich
 96594 | Hell     | Killed an ancient lich
 96979 | Geh:3    | Killed a dread lich
 96987 | Geh:3    | Killed a dread lich
 96997 | Geh:3    | Killed an ancient lich
 98764 | Geh:6    | Noticed an ancient lich
 98792 | Geh:6    | Killed an ancient lich
 99043 | Geh:7    | Entered Level 7 of Gehenna
100458 | Geh:7    | Found the +7 sceptre of Asmodeus
100458 | Geh:7    | Noticed Asmodeus
100495 | Geh:7    | HP: 10/231 [hellion/damnation (26)]
100894 | Geh:7    | Killed Asmodeus
100924 | Geh:7    | Got an obsidian rune of Zot
101168 | Coc:1    | Entered Level 1 of Cocytus
101168 | Coc:1    | Noticed a shard shrike
101168 | Coc:1    | Noticed a shard shrike
101168 | Coc:1    | Noticed a shard shrike
101168 | Coc:1    | Noticed a shard shrike
101176 | Coc:1    | Killed a shard shrike
101184 | Coc:1    | Killed a shard shrike
101191 | Coc:1    | Killed a shard shrike
101194 | Coc:1    | Killed a shard shrike
103618 | Coc:5    | Noticed a shard shrike
103621 | Coc:5    | Noticed a shard shrike
103621 | Coc:5    | Noticed a shard shrike
103622 | Coc:5    | Noticed a shard shrike
104066 | Coc:5    | Killed a shard shrike
104071 | Coc:5    | Killed a shard shrike
104078 | Coc:5    | Killed a shard shrike
104223 | Coc:5    | Killed a shard shrike
104494 | Coc:6    | Gained mutation: Your body sometimes deteriorates upon
                  | taking damage. [mutagenic glow]
104507 | Hell     | Gained mutation: You are very clumsy. (Dex -4) [mutagenic
                  | glow]
105133 | Coc:7    | Entered Level 7 of Cocytus
105335 | Coc:7    | Noticed a shard shrike
105339 | Coc:7    | Noticed a shard shrike
105339 | Coc:7    | Noticed a shard shrike
105346 | Coc:7    | Killed a shard shrike
105350 | Coc:7    | Killed a shard shrike
105358 | Coc:7    | Killed a shard shrike
106722 | Coc:7    | Noticed Antaeus
106745 | Coc:7    | Killed Antaeus
106814 | Coc:7    | Got an icy rune of Zot
108287 | Coc:7    | Identified the +0 pair of gloves of Dithmenos's Supremacy
                  | {rElec rC+ rCorr Dex+4}
108878 | Tar:1    | Entered Level 1 of Tartarus
110315 | Tar:3    | Bought a potion of mutation for 168 gold pieces
110315 | Tar:3    | Bought a potion of mutation for 168 gold pieces
110315 | Tar:3    | Bought a potion of curing for 63 gold pieces
110416 | Tar:3    | Lost mutation: You occasionally shout uncontrollably at
                  | your foes. [potion of mutation]
110416 | Tar:3    | Lost mutation: You are mostly covered in iridescent scales.
                  | (AC +4) [potion of mutation]
110416 | Tar:3    | Lost mutation: You occasionally lose the ability to drink
                  | potions when taking damage. [potion of mutation]
110416 | Tar:3    | Gained mutation: Your flesh is cold resistant. (rC+)
                  | [potion of mutation]
110416 | Tar:3    | Gained mutation: You have sharp toenails. [potion of
                  | mutation]
110416 | Tar:3    | Gained mutation: Your muscles are strong. (Str +4, Int/Dex
                  | -1) [potion of mutation]
110417 | Tar:3    | Lost mutation: You are very clumsy. (Dex -4) [potion of
                  | mutation]
110417 | Tar:3    | Lost mutation: You expend magic power (3 MP) to strengthen
                  | your wands. [potion of mutation]
110417 | Tar:3    | Gained mutation: You are mostly covered in iridescent
                  | scales. (AC +4) [potion of mutation]
110633 | Tar:4    | Reached skill level 27 in Translocations
111601 | Tar:5    | Noticed a dread lich
111617 | Tar:5    | Killed a dread lich
112217 | Tar:7    | Entered Level 7 of Tartarus
112907 | Pan      | Entered Pandemonium
113042 | Pan      | Reached skill level 27 in Shields
113268 | Pan      | Identified the +3 leather armour of Impatience {rElec
                  | rPois}
113285 | Pan      | Gained mutation: You occasionally shout uncontrollably at
                  | your foes. [a neqoxec]
113306 | Pan      | Noticed Jeulyk the pandemonium lord
113308 | Pan      | Killed Jeulyk the pandemonium lord
116216 | Pan      | Gained mutation: You have hidden genetic defects. [a
                  | neqoxec]
116541 | Depths:4 | Escaped Pandemonium
116668 | Zot:3    | Killed an ancient lich
117072 | Zot:3    | Found a transporter.
117149 | Zot:3    | Learned a level 8 spell: Necromutation
117806 | Tar:7    | Reached skill level 1 in Necromancy
118048 | Tar:7    | Gained mutation: Armour fits poorly on your strangely
                  | shaped body. [hidden defects]
119625 | Tar:7    | Gained mutation: Your magical capacity is very low. (-20%
                  | MP) [hidden defects]
119625 | Tar:7    | Lost mutation: You have hidden genetic defects. [hidden
                  | defects expressed]
121327 | Tar:7    | Noticed Ereshkigal
121350 | Tar:7    | HP: 10/233 [??? (4)]
121367 | Tar:7    | Killed Ereshkigal
121392 | Tar:7    | Got a bone rune of Zot
123123 | Tar:7    | Identified the +3 chain mail of Byiceir {+Blink rC+ Int+3
                  | Slay-4}
123592 | Dis:1    | Entered Level 1 of the Iron City of Dis
123960 | Dis:1    | Reached skill level 5 in Necromancy
124645 | Dis:3    | Found a huge runed gate.
124646 | Dis:3    | Found a huge runed gate.
124646 | Dis:3    | Found a huge runed gate.
124647 | Dis:3    | Found a huge runed gate.
124647 | Dis:3    | Found a huge runed gate.
124647 | Dis:3    | Found a huge runed gate.
124647 | Dis:3    | Found a huge runed gate.
124648 | Dis:3    | Found a huge runed gate.
124648 | Dis:3    | Found a huge runed gate.
124648 | Dis:3    | Found a huge runed gate.
124649 | Dis:3    | Found a huge runed gate.
124688 | Dis:3    | Found a huge runed gate.
124690 | Dis:3    | Found a huge runed gate.
124692 | Dis:3    | Found a huge runed gate.
124694 | Dis:3    | Found a huge runed gate.
124706 | Dis:3    | Found a huge runed gate.
124720 | Dis:3    | Found a huge runed gate.
124720 | Dis:3    | Found a huge runed gate.
124720 | Dis:3    | Found a huge runed gate.
124720 | Dis:3    | Found a huge runed gate.
124720 | Dis:3    | Found a huge runed gate.
124720 | Dis:3    | Found a huge runed gate.
124721 | Dis:3    | Found a huge runed gate.
124722 | Dis:3    | Found a huge runed gate.
124723 | Dis:3    | Found a huge runed gate.
124731 | Dis:3    | Found a huge runed gate.
124731 | Dis:3    | Found a huge runed gate.
124731 | Dis:3    | Found a huge runed gate.
124731 | Dis:3    | Found a huge runed gate.
124731 | Dis:3    | Found a huge runed gate.
124731 | Dis:3    | Found a huge runed gate.
124732 | Dis:3    | Found a huge runed gate.
124733 | Dis:3    | Found a huge runed gate.
124734 | Dis:3    | Found a huge runed gate.
124746 | Dis:3    | Found a huge runed gate.
124746 | Dis:3    | Found a huge runed gate.
125042 | Dis:3    | Killed from afar by a Hell Sentinel

Illustrated notes

Levels and vault maps discovered:
D:1:      dpeg_arrival_central, layout_basic, serial_aquarium,
          aquarium_bridge_island_small [aquarium_subvault_small_open,
          aquarium_subvault_bridge, aquarium_subvault_bridge,
          aquarium_subvault_window, aquarium_subvault_balcony],
          aquarium_bridge_square [aquarium_subvault_bridge,
          aquarium_subvault_bridge, aquarium_subvault_bridge,
          aquarium_subvault_window], aquarium_window_fake, aquarium_window_fake,
          aquarium_view_2b, aquarium_view_2a, aquarium_pool_split,
          dreamdust_ecumenical_altar_drowned_temple,
          chequers_serial_rivers_small_b
D:2:      layout_loops_ring, uniq_jessica, uniq_sigmund, uniq_crazy_yiuf_cottage
D:3:      layout_loops_ring, mainiacjoe_overflow_small_starburst,
          gammafunk_temple_overflow_wave, serial_shops, shop,
          grunt_decor_one_mirror, chequers_serial_rivers_large_b
D:4:      black_bear_nest_2, layout_rooms, gammafunk_ghost_cemetery
D:5:      layout_cave_pools, chei_slow_surprise, hangedman_decor_lopped,
          uniq_prince_ribbit1
D:6:      layout_loops_ring, eat_drink_and_be_merry_uskayaw, kennysheep_path_1,
          sigmund_army, uniq_menkaure, uniq_pikel, uniq_duvessa
D:7:      layout_basic, okawaru_ov_weapons_minmay, lemuel_blue_sif_altar,
          minmay_temple_entry_wispy, serial_shops, nicolae_stop_n_shop_1
D:8:      layout_cave_pools, grunt_temple_overflow_open, serial_shops, shop,
          special_room [special_room_orc], minmay_misc_feat_more_columns
D:9:      layout_roguey, grunt_temple_overflow_lords_of_destruction,
          nicolae_ru_sacrificial_ziggurat, erik_lair_orcish_takeover,
          nzn_ghost_randoct
D:10:     layout_loops_cross, orc_0_dummy, kennysheep_generic_room_9
D:11:     layout_roguey, hellmonk_ghost_big_iron, trog_hazing_becter, uniq_erica
D:12:     layout_roguey, serial_shops, nicolae_shop_behind_doors, minivault_28
D:13:     minmay_bloctagon_deflated, layout_basic, gauntlet_entry_generic,
          uniq_maurice
D:14:     minmay_the_grid_square_5x5_4x4 [minmay_the_grid_square_5x5_seven,
          minmay_the_grid_square_5x5_inset,
          minmay_the_grid_square_5x5_three_small,
          minmay_the_grid_square_5x5_minivault,
          minmay_the_grid_square_5x5_eight,
          minmay_the_grid_square_5x5_prize_snowflake,
          minmay_the_grid_square_5x5_prize_waves,
          minmay_the_grid_square_5x5_pentomino_r,
          minmay_the_grid_square_5x5_n_small,
          minmay_the_grid_square_5x5_prize_pseudospiral,
          minmay_the_grid_square_5x5_prize_gold,
          minmay_the_grid_square_5x5_three,
          minmay_the_grid_square_5x5_bracketed, minmay_the_grid_square_5x5_comb,
          minmay_the_grid_square_5x5_doubleslash,
          minmay_the_grid_square_5x5_two_small], layout_loops_ring,
          david_vaults_1, kennysheep_big_empty_room, ebering_ghost_rock_garden,
          serial_shops, nicolae_diamond_shop
D:15:     hangedman_depths_entry_civil_slaughter, layout_rooms,
          minmay_misc_feat_four_crosses, uniq_rupert
Lair:1:   layout_roguey, wad_woods_road_02
Lair:2:   layout_cave_pods, elwin_shoals_entry_stream, dummy_snake_entry,
          infiniplex_staircase_pool_2, lemuel_fruit_fields
Lair:3:   lemuel_ratsnest, layout_cellular_growth
Lair:4:   lemuel_reptile_caves, layout_gridlike, minmay_slime_entry_pillars,
          grunt_megastairs_1
Lair:5:   minmay_lair_end_enchanted_forest, layout_big_grid,
          nicolae_lair_lakeside_cave, grunt_megastairs_3,
          infiniplex_staircase_pool, serial_bayou_shore_b
Shoals:1: layout_shoals, nicolae_shoals_stone_sculpture_thing, uniq_frances
Shoals:2: layout_shoals, nicolae_shop_firing_range
Shoals:3: layout_shoals, nicolae_shoals_songs
Shoals:4: shoals_end_grunt_garden, layout_shoals, nicolae_shop_self_help,
          uniq_kirke, uniq_polyphemus
Snake:1:  layout_layer_cave
Snake:2:  layout_onion_interference, gammafunk_ghost_wrathful_warriors,
          portal_ice_cave_entry_ice_statue_one, uniq_nikola
Snake:3:  layout_misc_corridors, basic_altar
Snake:4:  grunt_snake_rune_pools, layout_gridlike
Slime:1:  layout_caves, nicolae_slime_getting_an_eyeful
Slime:2:  layout_caves, basic_altar
Slime:3:  layout_caves
Slime:4:  layout_caves, nicolae_slime_phagocytosis
Slime:5
Orc:1:    layout_caves, gammafunk_ghost_necromancy, basic_altar,
          hellmonk_bongcloud_opening, uniq_fannar, uniq_jorgrun, uniq_josephine
Orc:2:    pf_orc_diabolical, layout_caves, serial_shops, shop,
          nicolae_shop_hallway_stairs, shop, shop, shop, uniq_urug, uniq_azrael
Elf:1:    eino_elf_arrival_altar, layout_onion_city, serial_shops, shop,
          enter_trove_0, nicolae_elf_deep_friendship
Elf:2:    nicolae_elf_blades_crystal_corner, layout_loops_corners, basic_altar
Elf:3:    minmay_elf_hall_x, layout_geoelf_castle, drop_trap, grunt_megastairs_5
Vaults:1: ebering_ghost_rock_garden, ontoclasm_vaults_chip, v_misc_29,
          nicolae_vaults_border_crossing, grunt_vaults_funnel,
          ontoclasm_vaults_gateway, nicolae_vaults_angled_halls,
          nicolae_vaults_little_squares_5, nicolae_vaults_gold_heap,
          ontoclasm_vaults_shuriken, layout_vaults_quadrants, serial_shops,
          nicolae_shop_crystal
Vaults:2: nicolae_vaults_network_barrier, vaults_room_octagon,
          vaults_mumra_hexcomb, dpeg_vaults_monster_row, sword_in_stone,
          hangedman_vaults_stream, ontoclasm_vaults_decontamination,
          vaults_dpeg_hooks, minmay_crypt_entry_simple_box,
          grunt_vaults_hallway_short, layout_vaults_omnicross, uniq_frederick,
          uniq_bai_suzhen
Vaults:3: vaults_room_guarded_vault, v_pattern_4,
          nicolae_vaults_yaktaur_gun_rack, hangedman_vaults_nodes,
          ontoclasm_vaults_ligature, nicolae_vaults_network_periphery,
          v_misc_31, vaults_room_corners, layout_vaults_chaotic_city,
          serial_shops, shop, uniq_margery, uniq_boris, uniq_mennas
Vaults:4: v_alt_pattern_6, v_misc_2, nicolae_vaults_diagonal_hallway_8,
          nicolae_vaults_stairing_the_circle, v_alt_pattern_3,
          grunt_vaults_hallway_short, v_misc_1, vaults_room_pools, v_rooms_4,
          dpeg_vaults_monster_box, vaults_room_hallway, v_misc_17,
          vaults_room_pool, layout_vaults_omnibox
Vaults:5
Crypt:1:  layout_catacombs, roderic_lattice_octagonal_star
Crypt:2:  gammafunk_the_bubble [the_bubble_gammafunk_roulette], layout_gridlike
Crypt:3:  david_glass_crypt, layout_misc_corridors, tomb_entry_shell_bobbens,
          basic_altar
Tomb:1
Tomb:2
Depths:1: layout_forbidden_donut, ziggurat_fallback, gammafunk_ghost_split,
          minmay_misc_feat_rows, hell_entry, grunt_ministairs_8,
          hangedman_decor_peaks_small, minmay_misc_feat_doors, uniq_asterion
Depths:2: kennysheep_oblong_rooms, layout_basic, grunt_mini_vestibule,
          pan_entry, nicolae_gozag_zags_fifth_avenue, tso_oasis_becter
Depths:3: gammafunk_sealed_arena, layout_gridlike, ebering_ghost_gozag,
          serial_shops, bzr_entry_water, minmay_room_of_horrors,
          pf_vacation_house_of_asmodeus
Depths:4: grunt_zot_entry_funnels, layout_cross, rand_demon_pan_entry_3,
          pf_hell_entry_tar_river, minmay_fountain_box, minmay_misc_feat_room,
          nicolae_diode_stairs, uniq_saint_roka, uniq_josephina
Hell
Dis:1:    layout_gridville
Dis:2:    layout_jigsaw
Dis:3:    layout_jigsaw, door_vault
Geh:1:    layout_gehenna_pools_triple
Geh:2:    layout_gehenna_pools_triple, nicolae_geh_fiery_graves
          [nicolae_geh_single_fiery_grave, nicolae_geh_single_fiery_grave,
          nicolae_geh_single_fiery_grave, nicolae_geh_single_fiery_grave,
          nicolae_geh_single_fiery_grave, nicolae_geh_single_fiery_grave,
          nicolae_geh_single_fiery_grave, nicolae_geh_single_fiery_grave,
          nicolae_geh_single_fiery_grave]
Geh:3:    layout_gehenna_pools_box, nicolae_geh_liches_on_tour
Geh:4:    nicolae_geh_lava_swirls, layout_gehenna_lava_caves
Geh:5:    layout_gehenna_pools_box
Geh:6:    layout_gehenna_pools_basic, lemuel_flamethrower_3
Geh:7:    geh_grunt
Coc:1:    layout_ice_bergs
Coc:2:    layout_ice_bergs
Coc:3:    layout_cocytus_water_paths
Coc:4:    layout_ice_bergs
Coc:5:    layout_cocytus_delve
Coc:6:    layout_cocytus_water_paths
Coc:7:    coc_mu
Tar:1:    layout_cathedral_of_symmetry
Tar:2:    layout_cathedral_of_symmetry
Tar:3:    layout_catacombs
Tar:4:    layout_grid_maze, nicolae_tar_cuneiform_bread
Tar:5:    nicolae_tar_tart_auras, layout_cathedral_of_symmetry
Tar:6:    layout_cathedral_of_symmetry
Tar:7:    tar_mu [tar_mu_maze]
Zot:1:    layout_misc_corridors, st_stairs_1, grunt_megastairs_4
Zot:2:    layout_gridlike, gammafunk_ghost_mausoleum
Zot:3:    gammafunk_sealed_library, layout_twisted_circle, ebering_ghost_xom,
          nicolae_lava_and_water
Zot:4:    layout_basic
Zot:5:    layout_basic, grunt_ministairs_9, hangedman_zot_decor_tridents,
          st_stairs_14

Skill      XL: |  1  2  3  4  5  6  7  8  9 10 11 12 13 14 15 16 17 18 19 20 21 22 23 24 25 26 27 |
---------------+----------------------------------------------------------------------------------+-----
Fighting       | 3 4 5 6 8 9 10 13 14 16 18 24 | 24.1
Ranged Weapons | 6 7 8 11 12 14 16 19 21 22 26 | 26.7
Shields        | 2 4 5 8 10 27 | 27.0
Dodging        | 3 9 10 12 13 14 17 18 19 20 25 | 25.7
Stealth        | 3 5 6 8 10 26 | 26.9
Evocations     | 3 |  3.0
Translocations | 4 5 7 9 10 14 16 27 | 27.0
Armour         | 3 12 16 17 19 | 19.6
Spellcasting   | 8 11 14 15 16 17 18 | 18.5
Maces & Flails | 16 | 16.4
Transmutations | 19 | 19.3
Short Blades   | 10 | 10.0
Necromancy     | 6 |  6.0

Action                   |  1- 3 |  4- 6 |  7- 9 | 10-12 | 13-15 | 16-18 | 19-21 | 22-24 | 25-27 || total
-------------------------+-------+-------+-------+-------+-------+-------+-------+-------+-------++-------
Melee: Unarmed           |       |       |       |       |       |     5 |       |       |       ||     5
       Longbow           |       |       |       |       |       |       |     1 |       |    21 ||    22
       Great mace        |       |       |       |       |       |       |       |       |   508 ||   508
       Pair of quick bla |       |       |       |       |       |       |       |       |    39 ||    39
 Fire: Shortbow          |    42 |    67 |   237 |   432 |       |       |       |       |       ||   778
       Longbow           |       |       |       |   146 |  1103 |  1206 |  1302 |   964 | 10306 || 15027
       Arbalest          |       |       |       |       |       |       |       |       |   354 ||   354
 Cast: Apportation       |       |       |       |       |       |       |       |    13 |   811 ||   824
       Passage of Golubr |       |       |       |       |       |       |       |     4 |    77 ||    81
       Dispersal         |       |       |       |       |       |       |       |       |    37 ||    37
       Manifold Assault  |       |       |       |       |       |       |       |       |   145 ||   145
       Disjunction       |       |       |       |       |       |       |       |       |    39 ||    39
       Yara's Violent Un |       |       |       |       |       |       |       |       |    19 ||    19
       Vhi's Electric Ch |       |       |       |       |       |       |       |       |     5 ||     5
       Wereblood         |       |       |       |       |       |       |       |       |     4 ||     4
       Lesser Beckoning  |       |       |       |       |       |       |       |       |     1 ||     1
Invok: Call Merchant     |       |       |       |     1 |     2 |     1 |       |       |     5 ||     9
       Potion Petition   |       |       |       |       |       |     1 |     1 |     1 |    54 ||    57
       Bribe Branch      |       |       |       |       |       |       |       |       |     2 ||     2
 Abil: Dig               |       |     3 |     1 |     3 |     8 |       |     5 |       |    30 ||    50
       Shaft Self        |       |       |     1 |       |       |       |       |       |     1 ||     2
Evoke: Condenser vane    |       |       |       |       |       |       |       |       |     4 ||     4
       Phial of floods   |       |       |       |       |       |       |       |       |     1 ||     1
       Phantom mirror    |       |       |       |       |       |       |       |       |     6 ||     6
       Wand              |       |       |       |       |       |       |       |       |     5 ||     5
       Box of beasts     |       |       |       |       |       |       |       |       |     4 ||     4
       Horn of Geryon    |       |       |       |       |       |       |       |       |     2 ||     2
  Use: Scroll            |       |     5 |    11 |     8 |     6 |     2 |     5 |     1 |    29 ||    67
       Potion            |       |     4 |     4 |     1 |     1 |     2 |     3 |     9 |    59 ||    83
 Stab: Invisible         |       |       |       |       |       |       |       |       |     4 ||     4
       Sleeping          |       |       |       |       |       |       |       |       |     4 ||     4
       Distracted        |       |       |       |       |       |       |       |       |     3 ||     3
Armor: Leather armour    |       |     5 |    26 |    32 |    16 |    14 |       |       |       ||    93
       Skin              |       |       |    19 |       |       |       |       |       |       ||    19
       Chain mail        |       |       |       |       |       |    22 |    72 |    86 |   636 ||   816
       Scale mail        |       |       |       |       |       |       |       |       |   279 ||   279
Dodge: Dodged            |     1 |    17 |    69 |   125 |   191 |   284 |   297 |   362 |  4118 ||  5464
Block: Kite shield       |       |    14 |   112 |   166 |   252 |   407 |   387 |   659 |  5710 ||  7707
       Reflection        |       |       |       |       |       |    61 |     7 |       |       ||    68
       Other             |       |       |       |       |       |     3 |       |       |       ||     3
       Tower shield      |       |       |       |       |       |       |       |       |  1570 ||  1570

Table legend: (Time is in decaauts)
 A = Elapsed time spent in this place.
 B = Non-inter-level travel time spent in this place.
 C = Inter-level travel time spent in this place.
 D = Time resting spent in this place.
 E = Time spent auto-exploring this place.
 F = Levels seen in this place.
 G = Mean time per level.
                   A        B        C        D        E       F      G
               +--------+--------+--------+--------+--------+-----+--------+
         Total | 123421 | 113006 |  10415 |  25015 |  56844 | 112 | 1102.0 |
       Dungeon |  15039 |  12410 |   2629 |    614 |   9005 |  15 | 1002.6 |
          Lair |   9386 |   7839 |   1547 |   1207 |   4609 |   5 | 1877.2 |
        Shoals |   4253 |   3782 |    471 |    549 |   2170 |   4 | 1063.2 |
     Snake Pit |   3829 |   3644 |    185 |     60 |   2597 |   4 |  957.2 |
    Slime Pits |   2828 |   2716 |    112 |   1146 |    704 |   5 |  565.6 |
  Orcish Mines |   1964 |   1757 |    207 |     37 |   1040 |   2 |  982.0 |
   Elven Halls |   4303 |   4034 |    269 |    428 |   2601 |   3 | 1434.3 |
        Vaults |   9227 |   8304 |    923 |   1721 |   4287 |   5 | 1845.4 |
         Crypt |   4484 |   4032 |    452 |    385 |   2659 |   3 | 1494.7 |
          Tomb |   6033 |   5595 |    438 |   2763 |   1780 |   2 | 3016.5 |
        Depths |   6805 |   5847 |    958 |    939 |   3041 |   4 | 1701.2 |
          Hell |   5167 |   5036 |    131 |   4159 |    304 |   1 | 5167.0 |
           Dis |   1011 |   1004 |      7 |      0 |    700 |   3 |  337.0 |
       Gehenna |   3789 |   3431 |    358 |   1200 |   1043 |   7 |  541.3 |
       Cocytus |   6557 |   6029 |    528 |   1161 |   3903 |   7 |  936.7 |
      Tartarus |   8700 |   7924 |    776 |   2847 |   3552 |   7 | 1242.9 |
           Zot |   6337 |   5918 |    419 |   1442 |   3300 |   5 | 1267.4 |
         Abyss |   1301 |   1301 |      0 |    176 |    107 |   5 |  260.2 |
   Pandemonium |  21158 |  21158 |      0 |   4075 |   8835 |  22 |  961.7 |
        Bazaar |    137 |    137 |      0 |      0 |     58 |   1 |  137.0 |
      Ice Cave |    755 |    755 |      0 |    100 |    425 |   1 |  755.0 |
      Gauntlet |    346 |    346 |      0 |      0 |    119 |   1 |  346.0 |
               +--------+--------+--------+--------+--------+-----+--------+

Top non-repeatable levels by time:
   Tar:7: 5743 daAuts
    Hell: 5167 daAuts
  Tomb:1: 4540 daAuts
   Coc:7: 3757 daAuts
Vaults:4: 3495 daAuts
  Lair:2: 3366 daAuts
Depths:3: 3101 daAuts
   Zot:5: 2575 daAuts
    D:14: 2164 daAuts
   Geh:7: 2012 daAuts
   Elf:3: 1787 daAuts
Vaults:1: 1737 daAuts
Vaults:2: 1702 daAuts
 Slime:5: 1692 daAuts
  Lair:5: 1677 daAuts
